Workbook
Name PRINT_AREA_MI: #N/A
Name PRINT_TITLES_MI: #N/A

Sheet LISTA DE OFERENTES
A1: FONDO DE DESARROLLO LOCAL DE ENGATIVÁ
A2: FDLE-LP-810-2024
A3: No. | B3: NOMBRE | C3: REPRESENTANTE LEGAL | D3: TIPO DE OFERENTE | E3: CONSORCIADO 1 | F3: CONSORCIADO 2 | G3: CONSORCIADO 3 | H3: CONSORCIADO 4
A4: 1 | B4: CONSORCIO OASIS. | C4: NICOLAS ALVAREZ GONZALEZ | D4: CONSORCIO | E4: OBRICON S.A.S - 50 % | F4: TAYFER DE COLOMBIA LTDA - 50%
A5: 2 | B5: CONSTRUCTORA DE INFRAESTRUCTURA COLOMBIANA COINCO S.A.S. | C5: ANGÉLICA MARÍA PINZÓN BARRETO | D5: EMPRESA | E5: CONSTRUCTORA DE INFRAESTRUCTURA COLOMBIANA COINCO S.A.S. - 100%
A6: 3 | B6: CONSORCIO SALONES CR 2024. | C6: NESTOR RAUL GALINDO ROJAS | D6: CONSORCIO | E6: LATORRE ORTIZ INGENIERIA SAS - 10% | F6: PROYECTOS - CR S.A.S BIC - 90%
A7: 4 | B7: CONSORCIO SALONES - ARM- 2024 | C7: VIVIANA ANDREA RODRIGUEZ MUÑOZ | D7: CONSORCIO | E7: EMPRESA DE SERVICIOS PUBLICOS SINERGIA E.S.P. S.A.S -90% | F7: ARM CONSULTORIA Y CONSTRUCCIONES S.A.S - 10%
A8: 5 | B8: C.B.C INGENIERÍA CIVIL Y MANTENIMIENTO SAS | C8: CARLOS MAURICIO BOHÓRQUEZ CAMARGO | D8: EMPRESA | E8: C.B.C INGENIERÍA CIVIL Y MANTENIMIENTO SAS - 100%
A9: 6 | B9: CONSORCIO SALONES ENGATIVA HGR | C9: HELDER GUSTAVO RODRIGUEZ SANTANA | D9: CONSORCIO | E9: HELDER GUSTAVO RODRIGUEZ SANTANA - 80% | F9: GÉNESIS INGENIERÍA Y CONSTRUCCIÓN GIC S.A.S. - 10% | G9: PROYECTOS DISEÑOS INGENIERÍA ARQUITECTURA Y CONSTRUCCIONES LTDA - 10%
A10: 7 | B10: UNION TEMPORAL HCE SALONES COMUNALES | C10: ARIEL GUILLERMO SERRANO CASTILLO | D10: UNION TEMPORAL | E10: HARINSA NAVASFALT INFRAESTRUCTURA S.A.S - 2% | F10: CONSTRUCTORA DE VIVIENDA Y OBRAS CIVILES DE COLOMBIA S.A.S - 50% | G10: EDGAR A. RAMIREZ RIVERO S.A.S. - 48%
A11: 8 | B11: ARMELCO SAS | C11: CARMEN EMILIA LUNA NARANJO | D11: EMPRESA | E11: ARMELCO SAS - 100%
A12: 9 | B12: CONSORCIO SANTA MARTA 03 | C12: WILLIAMS HENRY GUEVARA TORRES | D12: CONSORCIO | E12: CONSTRUCTORA VALHER S.A.S. - 90% | F12: MAGDA HEYNNER UMAÑA TORRES - 10%
A13: 10 | B13: CONSORCIO CONSTRUCTORES DEL OCCIDENTE | C13: LADY MERCEDES AGUIRRE ORTIZ | D13: CONSORCIO | E13: BALER INGENIERIA S.A.S BIC - 90% | F13: ANDRES HERNAN AVELLA NOSSA - 10%
A14: 11 | B14: VISUAR S.A.S | C14: JORGE ARMANDO VINASCO MUÑOZ | D14: EMPRESA | E14: VISUAR S.A.S - 100%
A15: 12 | B15: CONSORCIO MANTENIMIENTO A&S | C15: ANA MILENA GOMEZ SANCHEZ | D15: CONSORCIO | E15: SOLUCIONES CIVILES DEL NORTE S.A.S. - 50% | F15: CONSTRUCCIONES AMG S.A.S - 50%
A16: 13 | B16: CONSORCIO RDB | C16: YEISON FABIÁN CRISTANCHO GÓMEZ | D16: CONSORCIO | E16: RC ARQUITECTOS S.A.S. - 45% | F16: DINGCO CONSTRUCCIONES S.A.S. - 45% | G16: BUSINESS GROUP CG S.A.S. - 10%
A17: 14 | B17: RCC INGENIERÍA Y PROYECTOS S.A.S. | C17: ADRIÁN ALBERTO RAMÍREZ BARROS | D17: EMPRESA | E17: RCC INGENIERÍA Y PROYECTOS S.A.S. - 100%
A18: 15 | B18: CONSORCIO SALCO 13 | C18: FREDY ALEXANDER BARON LOZANO | D18: CONSORCIO | E18: ALTIUM PROYECTOS SAS - 90% | F18: VIGAVI ZOMAC SAS - 10%
A19: 16 | B19: CONSORCIO WAS | C19: SEGUNDISALVO PARDO BARRETO | D19: CONSORCIO | E19: SEGUNDISALVO PARDO BARRETO - 50% | F19: ARQUIMCO SAS - 30% | G19: WNM INGENIEROS SAS - 20%
A20: 17 | B20: CONSORCIO CONSTRUOPUS ENGATIVA | C20: YEISSON JAIR HEREDIA PINILLA | D20: CONSORCIO | E20: OPUS INGENIERIA SAS - 90% | F20: PROINCO AYV INGENIERIA - 10%
A21: 18 | B21: CONSORCIO ZF 1 | C21: KATHERINE RÍOS PORTILLA | D21: CONSORCIO | E21: RIVAL CONSTRUCCIONES E INVERSIONES S.A.S. - 90% | F21: INGEDUCTOS INGENIERÍA ESPECIALIZADA S.A.S. - 10%
A22: 19 | B22: CONSORCIO GMAC | C22: AUGUSTO JOSE GARCIA | D22: CONSORCIO | E22: GMA CONSTRUCCIONES SAS - 60% | F22: COASCON SAS - 40%
A23: 20 | B23: CONSORCIO ISAJU | C23: CARMEN ELISA RODRIGUE | D23: CONSORCIO | E23: DIARQCO CONSTRUCTORES S.A.S - 50% | F23: PB TORRES CONSTRUCCIONES S.A.S - 50%
A24: 21 | B24: CONSORCIO OBRAS CIVILES MEQ | C24: MIGUEL ANGEL QUIÑONES | D24: CONSORCIO | E24: CONSTRUCCIONES E INGENIERIA MQ SAS - 60% | F24: EQUICON INGENIERIA SAS - 40%
A25: 22 | B25: CONSORCIO CONSTRUCTOR AND | C25: CRISTIAN SANCHEZ DIAZ | D25: CONSORCIO | E25: NECONSER SAS - 60% | F25: OBRAS CIVILES INTEGRALES SAS - 40%
A26: 23 | B26: CONSORCIO ENGATIVÁ 2025 | C26: FABIO ANDRES PUENTES | D26: CONSORCIO | E26: DECO INGENIEROS SAS - 30% | F26: INARDI SAS - 30% | G26: CPI GROUP - 40%
A27: 24 | B27: CONSORCIO SANTA LUCIA | C27: OMAR DAVID RODRIGUEZ JAUREGUI | D27: CONSORCIO | E27: CONSTRUCTORA DARJA S.A.S. - 50% | F27: ZION CONSTRUCCIONES S.A.S. - 50%
A28: 25 | B28: CONSORCIO BOGOTÁ GG | C28: VÍCTOR HUGO GONZÁLEZ SANDOVAL | D28: CONSORCIO | E28: G63 INFRAESTRUCTURA Y SERVICIOS S.A.S. - 55% | F28: GIJON S.A.S. - 45%
A29: 26 | B29: CONSORCIO COMUNAL OLG | C29: OLAGUER AGUDELO PRIETO | D29: CONSORCIO | E29: MAGNA CONSTRUCCIONES S.A.S. - 90% | F29: ASDICO LTDA - 10%
A30: 27 | B30: CONSORCIO INTELPOLO Z10 | C30: LAURA FERNANDA RAMIREZ BASTIDAS | D30: CONSORCIO | E30: INTELCA PROYECTOS, SERVICIOS Y TECNOLOGÍA S.A.S (INTELCA PST S.A.S.) - 50% | F30: POLO INGENIERÍA CONSTRUCCIONES (POLOINGSA) - 50%
A31: 28 | B31: IG INGENIEROS Y ARQUITECTOS S.A.S. | C31: IVAN YEZID GALVIS CHACON | D31: EMPRESA | E31: IG INGENIEROS Y ARQUITECTOS S.A.S. - 100%
A32: 29 | B32: PUERTA DEL SOL | C32: NESTOR ALFONSO ORTIZ BELLO | D32: CONSORCIO | E32: LUIS EDUARDO SALDAÑA R - 40% | F32: IHF INGENIERIA Y ASESORIA SAS 10% | G32: NESTOR ALFONSO ORTIZ BELLO - 50%
A33: 30 | B33: CONSORCIO TANGO | C33: JAIRO ARTURO CARDENAS AVELLANEDA | D33: CONSORCIO | E33: JAIRO ARTURO CARDENAS AVELLANEDA - 90% | F33: FIRM SAS - 10%
A34: 31 | B34: CONSORCIO COMUNALES 2025 | C34: JUAN JOSE BONETT PARADA | D34: CONSORCIO | E34: SISTEMAS INDUSTRIALES DE MANTENIMIENTO CONSTRUCCION Y OBRAS CIVILES S.A.S - 70% | F34: INJERR S.A.S - 30%
A35: 32 | B35: UNION TEMPORAL MANTENIMIENTO | C35: RENE ARTURO MONTENEGRO SIEFKEN | D35: UNION TEMPORAL | E35: MLG INGENIERIA SAS - 90% | F35: MARTHA LORENA GARCIA QUIROGA -10%
A36: 33 | B36: CONSORCIO COIDEAR | C36: JESUS DAVID DONCEL GUZMAN | D36: CONSORCIO | E36: IDEAR PROYECTOS S.A.S - 50% | F36: CORPORACION DE INGENIEROS Y ARQUITECTOS - 50%
A37: 34 | B37: CONSTRUCTORA GED S.A.S | C37: DANIELA TRIANA ZAMBRANO | D37: EMPRESA | E37: CONSTRUCTORA GED S.A.S 100%
A38: 35 | B38: CONSORCIO POWER | C38: HARRISON HERNAN LUNA MACA | D38: CONSORCIO | E38: PROJECTING DESIGNING AND BUILDING. LTDA 75% | F38: LOAR INGENIEROS S.A.S 25%
A39: 36 | B39: CONSORCIO GR 2024 | C39: OSCAR HERNANDO GUERRERO PIÑEROS | D39: CONSORCIO | E39: INVERSIONES GUERFOR SAS 80% | F39: RODRIGUEZ BAUTISTA EDIFICAR S.A.S 20%
A40: 37 | B40: CONSORCIO SAN ANTONIO | C40: LEONCIO HERNAN JAUREGUI REINA | D40: CONSORCIO | E40: CONSTRUCCIONES KYOTO S.A.S 90% | F40: COBE CONSTRUCCIONES S.A.S 10%
A41: 38 | B41: CONSORCIO SAN BENITO | C41: LUIS FERNANDO TAMAYO PERALTA | D41: CONSORCIO | E41: LUIS FERNANDO TAMAYO PERALTA 50% | F41: HECHO EN COLOMBIA DISEÑADORES LTDA 50%
A42: 39 | B42: CONSORCIO URIEL | C42: JORGE FREDY GONZALEZ VARGAS | D42: CONSORCIO | E42: CONSTRUCTORA ECODISEÑO SAS 50% | F42: CARLOS ARTURO MONZON GONZALEZ 33% | G42: JORGE FREDY GONZALEZ VARGAS 17%
A43: 40 | B43: UNION TEMPORAL PROCIMAB | C43: EDILBERTO MATEUS ALVAREZ | D43: UNION TEMPORAL | E43: GRUPO MABRIL SAS 50% | F43: EDILBERTO MATEUS ALVAREZ 10% | G43: PROCIVIN SAS 40%
A44: 41 | B44: CONSORCIO SALONES-5G. | C44: DANIEL CHARRY CEDIEL, | D44: CONSORCIO | E44: GLORIA ELVIRA CEDIEL ECHEVERRY 50% | F44: SINCOMAQ SAS 50%
A45: 42 | B45: CONSORCIO INFRAESTRUCTURA ENGATIVA | C45: LUIS ALBERTO RAMIREZ URQUIJO | D45: CONSORCIO | E45: JOHN JAIRO MOLANO CARDOSO 10% | F45: INGENIERIA Y GERENCIA DE OBRAS CIVILES SAS 45% | G45: INPROING SAS 45%
A46: 43 | B46: PROINCO INGENIERIA S.A.S. | C46: JAIME ANDRES AREVALO ROJAS | D46: EMPRESA | E46: PROINCO INGENIERIA S.A.S. 100%
A47: 44 | B47: CONSORCIO PROMYM-KA | C47: JAIRO GUSTAVO LOPEZ URREA | D47: CONSORCIO | E47: KA S.A.S - 90% | F47: PROMYM S.A.S - 10%
A48: 45 | B48: CONSORCIO GUATAPURI | C48: ALFONSO OSPINA CASTRO | D48: CONSORCIO | E48: CONSTRUCTORA SANTOSP SAS - 50% | F48: MT CONSTRUCCION Y DISEÑO DE PROYECTO S.A.S - 50%
A49: 46 | B49: CONSORCIO E&E ENGATIVA 2025 | C49: IVAN ALONSO PARDO AVILA | D49: CONSORCIO | E49: ESTUDIOS E INGENIERIA SAS - 90% | F49: EDC INGENIERIA SAS - 10%
A50: 47 | B50: CONSORCIO SALÓN COMUNAL DGS810. | C50: EDWIN FERNEY ROJAS GONZALEZ | D50: CONSORCIO | E50: GRUPO PROYECTOS Y DESARROLLO S.A.S. - 45% | F50: SOCITEC S.A.S. - 45% | G50: DVN CONSTRUCCIONES S.A.S. - 10%
A51: 48 | B51: CONSORCIO BELÉN 25 | C51: RAFAEL MOGOLLON RODRIGUEZ | D51: CONSORCIO | E51: RAFAEL MOGOLLON RODRIGUEZ - 20% | F51: RMR EMPRESA CONSTRUCTORA S.A.S - 20% | G51: ESTIVEN COCK BAUTISTA - 60%
A52: 49 | B52: CONSORCIO URBANO GI | C52: JUAN CARLOS LEDESMA GUTIERREZ | D52: CONSORCIO | E52: JUAN CARLOS LEDESMA GUTIERREZ -40% | F52: LUIS ALBERTO BELTRAN BECERRA -50% | G52: INTERLOMAS S.A.S -10%
A53: 50 | B53: CONSORCIO INFRACOSTA 24 | C53: YEIMI JOHANNA PÉREZ HERNÁNDEZ | D53: CONSORCIO | E53: CONSTRUCCIONES CIVILES ACOSTA INGENIERÍA SAS -90% | F53: ALFÉREZ INGENIERÍA SAS -10%
A54: 51 | B54: UNIOBRAS S.A.S | C54: JOSE ARVEY FORERO SOTO | D54: EMPRESA | E54: UNIOBRAS S.A.S -100%
A55: 52 | B55: UNION TEMPORAL CONSTRUCCIONES C&G. | C55: CARLOS EDUARDO PULIDO GOMEZ | D55: CONSORCIO | E55: CARLOS EDUARDO PULIDO GOMEZ -10% | F55: CONSTRUCCIONES C&G SAS -90%
A56: 53 | B56: CONSORCIO ADECUACIONES TREQSA. | C56: DAYANNA ALEJANDRA BAQUERO AGUILAR | D56: CONSORCIO | E56: TRE-D INGENIERIA Y SOLUCIONES SAS -40% | F56: PROYECTOS DE INGENIERIA Y EQUIPOS SAS -10% | G56: JASA LTDA -50%
A57: 54 | B57: GRUPO MSG S.A.S | C57: ANA CAROLINA GONZALEZ RODRIGUEZ | D57: EMPRESA | E57: GRUPO MSG S.A.S - 100%
A58: 55 | B58: GRUPO EMPRESARIAL INVERSIONES Y CONSTRUCCIONES COMPAÑÍA S.A.S INCO S.A.S | C58: DIANA MARIA PINEDA SOSA | D58: EMPRESA | E58: GRUPO EMPRESARIAL INVERSIONES Y CONSTRUCCIONES COMPAÑÍA S.A.S INCO S.A.S - 100%
A59: 56 | B59: CONSORCIO OBRAS 2024 | C59: HENRY OMAR SANCHEZ ARDILA | D59: CONSORCIO | E59: AMPLEX DE COLOMBIA SAS - 90% | F59: CONSTRUARQUITECTURA Y URBANISMO SAS - 10%
A60: 57 | B60: CONSORCIO ADECUACIONES RED DISTRITAL 0108 | C60: IVAN ALEXANDER MENDOZA CABARCAS | D60: CONSORCIO | E60: INGENIERIA VERTICAL ING SAS - 90% | F60: RT CONSTRUCCIONES & DISEÑOS SAS - 10%
A61: 58 | B61: INGENIRIA RH SAS | C61: RODRIGO ERNESTO HIDALGO MARTINEZ | D61: EMPRESA | E61: INGENIERIA SAS - 100%
A62: 59 | B62: CONSORCIO RL ENGATIVA 2025 | C62: BERNARDO ANCIZAR OSSA LOPEZ | D62: CONSORCIO | E62: BERNARDO ANCIZAR OSSA LOPEZ -60% | F62: BOL INGENIEROS ARQUITECTOS S.A. - 40%
A63: 60 | B63: CONSORCIO EDIFICACIONES CAPITAL 2021 | C63: MARIA CAROLINA TORRALVO | D63: CONSORCIO | E63: CONSTRUCTORA DEL NORTE ING SAS - 45% | F63: MTS CONTRUCCIONES SAS - 45% | G63: INGENIERIA TELECOMUNICACIONES DE ANTIOQUIA SAS-10%
A64: 61 | B64: WRUSSY INGENIEROS SAS | C64: WILVER FRANCINY RUSSY LADINO | D64: EMPRESA | E64: WRUSSY INGENIEROS SAS - 100%
A65: 62 | B65: CONSORCIO ADECUACIONES HICUM | C65: CRISTIAN ADOLFO NEIRA RUBIANO | D65: CONSORCIO | E65: HINCA SAS - 50% | F65: CUMBRE ASOCIADOS LIMITADA-50%
A66: 63 | B66: CONSORCIO SALONES ENGATIVA 2025 | C66: MIGUEL ANTONIO POLO TORDECILLA | D66: CONSORCIO | E66: CONSTRUCCIONES GOLDEN BQ SAS - 90% | F66: INGENIERIA & CONSTRUCCIONES TAK SAS - 10%

Sheet EVALUACION TÉC
A1: FONDO DE DESARROLLO LOCAL DE ENGATIVÁ
A2: FDLE-LP-810-2024
A3: REQUISITOS HABILITANTES TÉCNICOS | T3: CUMPLE
T4: NO CUMPLE
T5: HABILITADO
T6: NO HABILITADO
A9: 1 | E9: =VLOOKUP(A9,'LISTA DE OFERENTES'!$A$4:$B$84,2,FALSE) -> CONSORCIO OASIS.
A10: NÚMERO DE CONTRATOS PRESENTADOS | B10: 2 | C10: PRESUPUESTO OFICIAL EN SMMLV LICITACIÓN | D10: =+$E$909 -> 3821.2236
A11: VALOR MÍNIMO A CERTIFICAR | C11: =IF(B10<3,0.75,IF(B10<5,1.2,1.5)) -> 0.75 | D11: =$D$909*C11 -> 2865.9177
A12: TERMINO DE EJECUCION EXIGIDO | C12: 45625
A13: TOTAL SALARIOS MINIMOS ACREDITADOS | C13: =+IF(H20>D11,"CUMPLE","NO CUMPLE") -> CUMPLE
A14: CONDICIONES DE EXPERIENCIA | I14: CONDICION N°. 1 (VER TABLA AL FINAL DE LA HOJA) | J14: CONDICION N°. 2 (VER TABLA AL FINAL DE LA HOJA) | K14: CONDICION N°. 4 (VER TABLA AL FINAL DE LA HOJA) | M14: VALIDACIÓN CONDICIONES | N14: VALIDACIÓN EXPERIENCIA GENERAL | O14: EXPERIENCIA ESPECIFICA (1) POR LO MENOS UNO (1) DE LOS CONTRATOS VÁLIDOS APORTADOS COMO EXPERIENCIA GENERAL DEBE CORRESPONDER MÍNIMO AL 50% DEL PRESUPUESTO OFICIAL DEL PRESENTE PROCESO DE SELECCIÓN. | Q14: CONCLUSIÓN ACREDITACIÓN EXPERIENCIA GENERAL Y EXPERIENCIA ESPECIFICA | R14: OBSERVACIONES Y RESPUESTA A LAS OBSERVACIONES
A15: Objeto del Contrato | B15: Entidad Contratante | D15: Valor Contrato | E15: Año de ejecución aportado | F15: Valor del Contrato en SMMLV | G15: Participación UT/CONSORCIO | H15: Participación en SMMLV | I15: Término de ejecución aportado | J15: CODIGO UNSPSC SEGMENTOS 72 (72101500, 72102900, 72103300, 72121100, 72151900, 72152700, 72153600) | L15: Valor aportado
A16: =VLOOKUP(A9,'LISTA DE OFERENTES'!$A$4:$H$84,5,FALSE) -> OBRICON S.A.S - 50 % | K16: =$D$909/2 -> 1910.6118 | M16: CUMPLE | O16: =$D$909*0.5 -> 1910.6118 | Q16: =IF(AND(N20="CUMPLE",O20="CUMPLE"),"CUMPLE","NO CUMPLE") -> CUMPLE
A17: Prestar los servicios de mantenimiento preventivo y correctivo al sistema eléctrico, al sistema hidráulico, incluidos los tanques de almacenamiento; al mobiliario; así como el mantenimiento integras a las instalaciones locativas y las obras de mejora que se requieran, con el suministro personal, equipo, materiales y repuestos, en las instalaciones físicas de la Secretaria Distrital de Hacienda y zonas comunes del Centro Administrativo Distrital CAD y las diferentes sedes. | B17: SECRETARIA DE HACEINDA | D17: 1083308421 | E17: 2022 | F17: =D17/(VLOOKUP(E17,$D$930:$E$963,2,FALSE)) -> 1083.3084 | G17: 0.5 | H17: =G17*F17 -> 541.65421 | I17: 44834 | J17: CUMPLE | L17: =H17 -> 541.65421 | N17: CUMPLE
A18: =VLOOKUP(A9,'LISTA DE OFERENTES'!$A$4:$H$84,6,FALSE) -> TAYFER DE COLOMBIA LTDA - 50%
A19: CONTRATAR BAJO LA MODALIDAD DE PRECIOS UNITARIOS SIN FORMULA DE REAJUSTE LA ADECUACIÓN, REMODELACIÓN Y/O MANTENIMIENTO INTEGRAL, PREVENTIVO Y CORRECTIVO PARA UNAS INSTALACIONES DE LA POLICÍA NACIONAL - DIRECCION DE BIENESTAR SOCIAL. | B19: POLICIA NACIONAL | D19: 9.5718879e+09 | E19: 2016 | F19: =D19/(VLOOKUP(E19,$D$930:$E$963,2,FALSE)) -> 13883.267 | G19: 0.5 | H19: =G19*F19 -> 6941.6335 | I19: 42490 | J19: CUMPLE | L19: =H19 -> 6941.6335 | N19: CUMPLE | P19: =+L19 -> 6941.6335
A20: TOTALES | H20: =SUM(H17:H19) -> 7483.2877 | I20: EXPERIENCIA DEL PROPONENTE | N20: CUMPLE | O20: =IF(P20>O16,"CUMPLE","NO CUMPLE") -> CUMPLE | P20: =SUM(P16:P19) -> 6941.6335 | R20: =+IF(AND(M16="CUMPLE",C13="CUMPLE",Q16="CUMPLE"),"HABILITADO","NO HABILITADO") -> HABILITADO
A22: =1+A9 -> 2 | E22: =VLOOKUP(A22,'LISTA DE OFERENTES'!$A$4:$B$84,2,FALSE) -> CONSTRUCTORA DE INFRAESTRUCTURA COLOMBIANA COINCO S.A.S.
A23: NÚMERO DE CONTRATOS PRESENTADOS | B23: 2 | C23: PRESUPUESTO OFICIAL EN SMMLV LICITACIÓN | D23: =+$E$909 -> 3821.2236
A24: VALOR MÍNIMO A CERTIFICAR | C24: =IF(B23<3,0.75,IF(B23<5,1.2,1.5)) -> 0.75 | D24: =$D$909*C24 -> 2865.9177
A25: TERMINO DE EJECUCION EXIGIDO | C25: 45625
A26: TOTAL SALARIOS MINIMOS ACREDITADOS | C26: =+IF(H32>D24,"CUMPLE","NO CUMPLE") -> CUMPLE
A27: CONDICIONES DE EXPERIENCIA | I27: CONDICION N°. 1 (VER TABLA AL FINAL DE LA HOJA) | J27: CONDICION N°. 2 (VER TABLA AL FINAL DE LA HOJA) | K27: CONDICION N°. 4 (VER TABLA AL FINAL DE LA HOJA) | M27: VALIDACIÓN CONDICIONES | N27: VALIDACIÓN EXPERIENCIA GENERAL | O27: EXPERIENCIA ESPECIFICA (1) POR LO MENOS UNO (1) DE LOS CONTRATOS VÁLIDOS APORTADOS COMO EXPERIENCIA GENERAL DEBE CORRESPONDER MÍNIMO AL 50% DEL PRESUPUESTO OFICIAL DEL PRESENTE PROCESO DE SELECCIÓN. | Q27: CONCLUSIÓN ACREDITACIÓN EXPERIENCIA GENERAL Y EXPERIENCIA ESPECIFICA | R27: OBSERVACIONES Y RESPUESTA A LAS OBSERVACIONES
A28: Objeto del Contrato | B28: Entidad Contratante | D28: Valor Contrato | E28: Año de ejecución aportado | F28: Valor del Contrato en SMMLV | G28: Participación UT/CONSORCIO | H28: Participación en SMMLV | I28: Término de ejecución aportado | J28: CODIGO UNSPSC SEGMENTOS 72 (72101500, 72102900, 72103300, 72121100, 72151900, 72152700, 72153600) | L28: Valor aportado
A29: =VLOOKUP(A22,'LISTA DE OFERENTES'!$A$4:$H$84,5,FALSE) -> CONSTRUCTORA DE INFRAESTRUCTURA COLOMBIANA COINCO S.A.S. - 100% | K29: =$D$909/2 -> 1910.6118 | M29: CUMPLE | O29: =$D$909*0.5 -> 1910.6118 | Q29: CUMPLE
A30: CONTRATAR LA EJECUCIÓN DE LAS OBRAS DE MEJORAMIENTO DE VIVIENDA EN L AMODALIDAD DE HABITABILIDAD DE LOS PROYECTOS ESTRUCTURADOS EN LOS TERRITORIOS PRIORIZADOS POR LA SECRETARIA DISTRITAL DEL HABITAT, GRUPOS 1 Y 2 - 2021 "GRUPO 2" M2 INTERVENIDOS O CONSTRUIDOS: 16.300 M2 | B30: SECRETARIA DISTRITAL DEL HABITAT | D30: 5130409981 | E30: 2022 | F30: =D30/(VLOOKUP(E30,$D$930:$E$963,2,FALSE)) -> 5130.41 | G30: 1 | H30: =G30*F30 -> 5130.41 | I30: 44656 | J30: CUMPLE | L30: =H30 -> 5130.41 | N30: CUMPLE | P30: =+L30 -> 5130.41
A31: EJECUTAR LAS OBRAS DE MEJORAMIENTO DE VIVIENDA EN LA MODALIDAD DE HABITABILIDAD EN LOS TERRITORIOS PRIORIZADOS POR LA SECRETARÍA DISTRITAL DEL HÁBITAT. – LOTE 2 M2 INTERVENIDOS O CONSTRUIDOS: 47.100 M2 | B31: SECRETARIA DISTRITAL DEL HABITAT | D31: 13600000000 | E31: 2020 | F31: 15493.22 | G31: 0.4 | H31: =G31*F31 -> 6197.288 | I31: 44128 | J31: CUMPLE | L31: =H31 -> 6197.288 | N31: CUMPLE | P31: =+L31 -> 6197.288 | R31: SE TOMA EL VALOR DEL CONTRATO EJECUTADO EXPRESADO EN SMMLV: 15.493,22 SEGÚN RUP
A32: TOTALES | H32: =SUM(H30:H31) -> 11327.698 | I32: EXPERIENCIA DEL PROPONENTE | O32: =IF(P32>O29,"CUMPLE","NO CUMPLE") -> CUMPLE | P32: =SUM(P29:P31) -> 11327.698 | R32: =+IF(AND(M29="CUMPLE",C26="CUMPLE",Q29="CUMPLE"),"HABILITADO","NO HABILITADO") -> HABILITADO
A34: =1+A22 -> 3 | E34: =VLOOKUP(A34,'LISTA DE OFERENTES'!$A$4:$B$84,2,FALSE) -> CONSORCIO SALONES CR 2024.
A35: NÚMERO DE CONTRATOS PRESENTADOS | B35: 3 | C35: PRESUPUESTO OFICIAL EN SMMLV LICITACIÓN | D35: =+$E$909 -> 3821.2236
A36: VALOR MÍNIMO A CERTIFICAR | C36: =IF(B35<3,0.75,IF(B35<5,1.2,1.5)) -> 1.2 | D36: =$D$909*C36 -> 4585.4683
A37: TERMINO DE EJECUCION EXIGIDO | C37: 45625
A38: TOTAL SALARIOS MINIMOS ACREDITADOS | C38: =+IF(H46>D36,"CUMPLE","NO CUMPLE") -> CUMPLE
A39: CONDICIONES DE EXPERIENCIA | I39: CONDICION N°. 1 (VER TABLA AL FINAL DE LA HOJA) | J39: CONDICION N°. 2 (VER TABLA AL FINAL DE LA HOJA) | K39: CONDICION N°. 4 (VER TABLA AL FINAL DE LA HOJA) | M39: VALIDACIÓN CONDICIONES | N39: VALIDACIÓN EXPERIENCIA GENERAL | O39: EXPERIENCIA ESPECIFICA (1) POR LO MENOS UNO (1) DE LOS CONTRATOS VÁLIDOS APORTADOS COMO EXPERIENCIA GENERAL DEBE CORRESPONDER MÍNIMO AL 50% DEL PRESUPUESTO OFICIAL DEL PRESENTE PROCESO DE SELECCIÓN. | Q39: CONCLUSIÓN ACREDITACIÓN EXPERIENCIA GENERAL Y EXPERIENCIA ESPECIFICA | R39: OBSERVACIONES Y RESPUESTA A LAS OBSERVACIONES
A40: Objeto del Contrato | B40: Entidad Contratante | D40: Valor Contrato | E40: Año de ejecución aportado | F40: Valor del Contrato en SMMLV | G40: Participación UT/CONSORCIO | H40: Participación en SMMLV | I40: Término de ejecución aportado | J40: CODIGO UNSPSC SEGMENTOS 72 (72101500, 72102900, 72103300, 72121100, 72151900, 72152700, 72153600) | L40: Valor aportado
A41: =VLOOKUP(A34,'LISTA DE OFERENTES'!$A$4:$H$84,5,FALSE) -> LATORRE ORTIZ INGENIERIA SAS - 10% | K41: =$D$909/2 -> 1910.6118 | M41: CUMPLE | O41: =$D$909*0.5 -> 1910.6118 | Q41: =IF(AND(N46="CUMPLE",O46="CUMPLE"),"CUMPLE","NO CUMPLE") -> CUMPLE
A42: =VLOOKUP(A34,'LISTA DE OFERENTES'!$A$4:$H$84,6,FALSE) -> PROYECTOS - CR S.A.S BIC - 90%
A43: CONSTRUCCION PARANINFO CASA DE LA CULTURA MUNICIPAL - MUNICIPIO EL COLEGIO | B43: MUNICIPIO DE EL COLEGIO | D43: 897779631 | E43: 2019 | F43: =D43/(VLOOKUP(E43,$D$930:$E$963,2,FALSE)) -> 1084.123 | G43: 0.5 | H43: =G43*F43 -> 542.06152 | I43: 43677 | J43: CUMPLE | L43: =H43 -> 542.06152 | N43: CUMPLE
A44: CONSTRUCCION Y DOTACION SEDE MEDICINA LEGAL SECCIONAL MAGDALENA SANTAMARTA -PRIMERA ETAPA- | B44: INSTITUTO NACIONAL DE MEDICINA LEGAL Y CIENCIAS FORENSES | D44: 2.3268722e+09 | E44: 2015 | F44: =D44/(VLOOKUP(E44,$D$930:$E$963,2,FALSE)) -> 3611.1929 | G44: 0.6 | H44: =G44*F44 -> 2166.7158 | I44: 42342 | J44: CUMPLE | L44: =H44 -> 2166.7158 | N44: CUMPLE
A45: OBRAS DE MODERNIZACION Y REMODELACION EDIFICIO PRINCIPAL DE LA ALCALDIA, TERCERAETAPA, A TODO COSTO | B45: MUNICIPIO DE CHIA | D45: 2375386341 | E45: 2017 | F45: =D45/(VLOOKUP(E45,$D$930:$E$963,2,FALSE)) -> 3219.9154 | G45: 0.99 | H45: =G45*F45 -> 3187.7163 | I45: 42797 | J45: CUMPLE | L45: =H45 -> 3187.7163 | N45: CUMPLE | P45: =+L45 -> 3187.7163
A46: TOTALES | H46: =SUM(H42:H45) -> 5896.4935 | I46: EXPERIENCIA DEL PROPONENTE | N46: CUMPLE | O46: =IF(P46>O41,"CUMPLE","NO CUMPLE") -> CUMPLE | P46: =SUM(P41:P45) -> 3187.7163 | R46: =+IF(AND(M41="CUMPLE",C38="CUMPLE",Q41="CUMPLE"),"HABILITADO","NO HABILITADO") -> HABILITADO
A48: =1+A34 -> 4 | E48: =VLOOKUP(A48,'LISTA DE OFERENTES'!$A$4:$B$84,2,FALSE) -> CONSORCIO SALONES - ARM- 2024
A49: NÚMERO DE CONTRATOS PRESENTADOS | B49: 2 | C49: PRESUPUESTO OFICIAL EN SMMLV LICITACIÓN | D49: =+$E$909 -> 3821.2236
A50: VALOR MÍNIMO A CERTIFICAR | C50: =IF(B49<3,0.75,IF(B49<5,1.2,1.5)) -> 0.75 | D50: =$D$909*C50 -> 2865.9177
A51: TERMINO DE EJECUCION EXIGIDO | C51: 45625
A52: TOTAL SALARIOS MINIMOS ACREDITADOS | C52: =+IF(H59>D50,"CUMPLE","NO CUMPLE") -> CUMPLE
A53: CONDICIONES DE EXPERIENCIA | I53: CONDICION N°. 1 (VER TABLA AL FINAL DE LA HOJA) | J53: CONDICION N°. 2 (VER TABLA AL FINAL DE LA HOJA) | K53: CONDICION N°. 4 (VER TABLA AL FINAL DE LA HOJA) | M53: VALIDACIÓN CONDICIONES | N53: VALIDACIÓN EXPERIENCIA GENERAL | O53: EXPERIENCIA ESPECIFICA (1) POR LO MENOS UNO (1) DE LOS CONTRATOS VÁLIDOS APORTADOS COMO EXPERIENCIA GENERAL DEBE CORRESPONDER MÍNIMO AL 50% DEL PRESUPUESTO OFICIAL DEL PRESENTE PROCESO DE SELECCIÓN. | Q53: CONCLUSIÓN ACREDITACIÓN EXPERIENCIA GENERAL Y EXPERIENCIA ESPECIFICA | R53: OBSERVACIONES Y RESPUESTA A LAS OBSERVACIONES
A54: Objeto del Contrato | B54: Entidad Contratante | D54: Valor Contrato | E54: Año de ejecución aportado | F54: Valor del Contrato en SMMLV | G54: Participación UT/CONSORCIO | H54: Participación en SMMLV | I54: Término de ejecución aportado | J54: CODIGO UNSPSC SEGMENTOS 72 (72101500, 72102900, 72103300, 72121100, 72151900, 72152700, 72153600) | L54: Valor aportado
A55: =VLOOKUP(A48,'LISTA DE OFERENTES'!$A$4:$H$84,5,FALSE) -> EMPRESA DE SERVICIOS PUBLICOS SINERGIA E.S.P. S.A.S -90% | K55: =$D$909/2 -> 1910.6118 | M55: CUMPLE | O55: =$D$909*0.5 -> 1910.6118 | Q55: CUMPLE
A56: EJECUCION DE OBRAS DE MANTENIMIENTO Y MEJORAMIENTO DE INSTITUCIONES EDUCATIVAS LOCALIZADAS EN AREAS DONDE SE UBICAN COMUNIDADES EN CONDICIONES DE VULNERABILIDAD CON ENFASIS EN VICTIMAS DEL CONFLICTO ARMADO, CONFORME CON LAS DISPOSICIONES DE LA LEY 1448 DE 2011. | B56: CORPORACION AMBIENTAL, CULTURAL Y SOCIAL MATERIA PRIMA | D56: 17920278703 | E56: 2021 | F56: =D56/(VLOOKUP(E56,$D$930:$E$963,2,FALSE)) -> 19724.563 | G56: 1 | H56: =G56*F56 -> 19724.563 | I56: 44277 | J56: CUMPLE | L56: =H56 -> 19724.563 | N56: CUMPLE
A57: ESTUDIOS, DISEÑOS Y CONSTRUCCION DE OBRAS DE MANTENIMIENTO, REPARACIONES LOCATIVAS Y OPTIMIZACION DE LAS EDIFICACIONES DE USO TURISTICO A CARGO DEL CONTRATANTE, EN LOS MUNICIPIOS DE SAN ANTERO, COVEÑOS, TOLU, MORROA, MOÑITOS Y CANALETE, A PRECIOS GLOBALES. | B57: GUSTAVO ADOLFO VACA | D57: 4013114000 | E57: 2014 | F57: =D57/(VLOOKUP(E57,$D$930:$E$963,2,FALSE)) -> 6514.7955 | G57: 1 | H57: =G57*F57 -> 6514.7955 | I57: 41802 | J57: CUMPLE | L57: =H57 -> 6514.7955 | N57: CUMPLE | P57: =+L57 -> 6514.7955
A58: =VLOOKUP(A48,'LISTA DE OFERENTES'!$A$4:$H$84,6,FALSE) -> ARM CONSULTORIA Y CONSTRUCCIONES S.A.S - 10%
A59: TOTALES | H59: =SUM(H56:H58) -> 26239.359 | I59: EXPERIENCIA DEL PROPONENTE | O59: =IF(P59>O55,"CUMPLE","NO CUMPLE") -> CUMPLE | P59: =SUM(P55:P58) -> 6514.7955 | R59: =+IF(AND(M55="CUMPLE",C52="CUMPLE",Q55="CUMPLE"),"HABILITADO","NO HABILITADO") -> HABILITADO
A61: =1+A48 -> 5 | E61: =VLOOKUP(A61,'LISTA DE OFERENTES'!$A$4:$B$84,2,FALSE) -> C.B.C INGENIERÍA CIVIL Y MANTENIMIENTO SAS
A62: NÚMERO DE CONTRATOS PRESENTADOS | B62: 2 | C62: PRESUPUESTO OFICIAL EN SMMLV LICITACIÓN | D62: =+$E$909 -> 3821.2236
A63: VALOR MÍNIMO A CERTIFICAR | C63: =IF(B62<3,0.75,IF(B62<5,1.2,1.5)) -> 0.75 | D63: =$D$909*C63 -> 2865.9177
A64: TERMINO DE EJECUCION EXIGIDO | C64: 45625
A65: TOTAL SALARIOS MINIMOS ACREDITADOS | C65: =+IF(H71>D63,"CUMPLE","NO CUMPLE") -> CUMPLE
A66: CONDICIONES DE EXPERIENCIA | I66: CONDICION N°. 1 (VER TABLA AL FINAL DE LA HOJA) | J66: CONDICION N°. 2 (VER TABLA AL FINAL DE LA HOJA) | K66: CONDICION N°. 4 (VER TABLA AL FINAL DE LA HOJA) | M66: VALIDACIÓN CONDICIONES | N66: VALIDACIÓN EXPERIENCIA GENERAL | O66: EXPERIENCIA ESPECIFICA (1) POR LO MENOS UNO (1) DE LOS CONTRATOS VÁLIDOS APORTADOS COMO EXPERIENCIA GENERAL DEBE CORRESPONDER MÍNIMO AL 50% DEL PRESUPUESTO OFICIAL DEL PRESENTE PROCESO DE SELECCIÓN. | Q66: CONCLUSIÓN ACREDITACIÓN EXPERIENCIA GENERAL Y EXPERIENCIA ESPECIFICA | R66: OBSERVACIONES Y RESPUESTA A LAS OBSERVACIONES
A67: Objeto del Contrato | B67: Entidad Contratante | D67: Valor Contrato | E67: Año de ejecución aportado | F67: Valor del Contrato en SMMLV | G67: Participación UT/CONSORCIO | H67: Participación en SMMLV | I67: Término de ejecución aportado | J67: CODIGO UNSPSC SEGMENTOS 72 (72101500, 72102900, 72103300, 72121100, 72151900, 72152700, 72153600) | L67: Valor aportado
A68: =VLOOKUP(A61,'LISTA DE OFERENTES'!$A$4:$H$84,5,FALSE) -> C.B.C INGENIERÍA CIVIL Y MANTENIMIENTO SAS - 100% | K68: =$D$909/2 -> 1910.6118 | M68: CUMPLE | O68: =$D$909*0.5 -> 1910.6118 | Q68: CUMPLE
A69: REALIZAR A MONTO AGOTABLE, A PRECIOS UNITARIOS FIJOS, EL MANTENIMIENTO PREVENTIVO, CORRECTIVO, MEJORAS, REPARACIONES Y ADECUACIONES LOCATIVAS DE LAS SEDES DE LA SECRETARÍA DISTRITAL DE MOVILIDAD Y DE OTRAS EDIFICACIONES A SU CARGO. | B69: SECRETARÍA DISTRITAL DE MOVILIDAD | D69: 4618277638 | E69: 2023 | F69: =D69/(VLOOKUP(E69,$D$930:$E$963,2,FALSE)) -> 3981.2738 | G69: 1 | H69: =G69*F69 -> 3981.2738 | I69: 45106 | J69: CUMPLE | L69: =H69 -> 3981.2738 | N69: CUMPLE | P69: =+L69 -> 3981.2738
A70: MANTENIMIENTO PREVENTIVO GRUPO 1, EDIFICACIONES CATALOGADAS COMO BIENES DE INTERÉS CULTURAL BIC Y CON NIVEL DE CONSERVACION ARQUITECTÓNICA( COMEDOR DE CADETES, BATALLÓN DE CADETES No. 1, BATALLÓN DE CADETES No.2, BATALLÓN DE CADETES No.3 Y EDIFICIO DE AULAS) | B70: BATALLON DE APOYO Y SERVICIOS PARA EL COMBATE No. 19 / EJERCITO NACIONAL ESCUELA MILITAR | D70: 8.5708175e+08 | E70: 2019 | F70: =D70/(VLOOKUP(E70,$D$930:$E$963,2,FALSE)) -> 1034.9779 | G70: 1 | H70: =G70*F70 -> 1034.9779 | I70: 43823 | J70: CUMPLE | L70: =H70 -> 1034.9779 | N70: CUMPLE
A71: TOTALES | H71: =SUM(H69:H70) -> 5016.2517 | I71: EXPERIENCIA DEL PROPONENTE | N71: CUMPLE | O71: =IF(P71>O68,"CUMPLE","NO CUMPLE") -> CUMPLE | P71: =SUM(P68:P70) -> 3981.2738 | R71: =+IF(AND(M68="CUMPLE",C65="CUMPLE",Q68="CUMPLE"),"HABILITADO","NO HABILITADO") -> HABILITADO
A73: =1+A61 -> 6 | E73: =VLOOKUP(A73,'LISTA DE OFERENTES'!$A$4:$B$84,2,FALSE) -> CONSORCIO SALONES ENGATIVA HGR
A74: NÚMERO DE CONTRATOS PRESENTADOS | B74: 3 | C74: PRESUPUESTO OFICIAL EN SMMLV LICITACIÓN | D74: =+$E$909 -> 3821.2236
A75: VALOR MÍNIMO A CERTIFICAR | C75: =IF(B74<3,0.75,IF(B74<5,1.2,1.5)) -> 1.2 | D75: =$D$909*C75 -> 4585.4683
A76: TERMINO DE EJECUCION EXIGIDO | C76: 45625
A77: TOTAL SALARIOS MINIMOS ACREDITADOS | C77: =+IF(H86>D75,"CUMPLE","NO CUMPLE") -> CUMPLE
A78: CONDICIONES DE EXPERIENCIA | I78: CONDICION N°. 1 (VER TABLA AL FINAL DE LA HOJA) | J78: CONDICION N°. 2 (VER TABLA AL FINAL DE LA HOJA) | K78: CONDICION N°. 4 (VER TABLA AL FINAL DE LA HOJA) | M78: VALIDACIÓN CONDICIONES | N78: VALIDACIÓN EXPERIENCIA GENERAL | O78: EXPERIENCIA ESPECIFICA (1) POR LO MENOS UNO (1) DE LOS CONTRATOS VÁLIDOS APORTADOS COMO EXPERIENCIA GENERAL DEBE CORRESPONDER MÍNIMO AL 50% DEL PRESUPUESTO OFICIAL DEL PRESENTE PROCESO DE SELECCIÓN. | Q78: CONCLUSIÓN ACREDITACIÓN EXPERIENCIA GENERAL Y EXPERIENCIA ESPECIFICA | R78: OBSERVACIONES Y RESPUESTA A LAS OBSERVACIONES
A79: Objeto del Contrato | B79: Entidad Contratante | D79: Valor Contrato | E79: Año de ejecución aportado | F79: Valor del Contrato en SMMLV | G79: Participación UT/CONSORCIO | H79: Participación en SMMLV | I79: Término de ejecución aportado | J79: CODIGO UNSPSC SEGMENTOS 72 (72101500, 72102900, 72103300, 72121100, 72151900, 72152700, 72153600) | L79: Valor aportado
A80: =VLOOKUP(A73,'LISTA DE OFERENTES'!$A$4:$H$84,5,FALSE) -> HELDER GUSTAVO RODRIGUEZ SANTANA - 80% | K80: =$D$909/2 -> 1910.6118 | M80: CUMPLE | O80: =$D$909*0.5 -> 1910.6118 | Q80: CUMPLE
A81: REALIZAR LAS ADECUACIONES DE LA OFICINA DE PROFESORES DE PLANTA DEL DEPARTAMENTO DE MATEMÁTICAS Y EN EL CIDET DEL EDIFICIO B DE LAS INSTALACIONES DE LA CALLE 72 DE LA UNIVERSIDAD PEDAGÓGICA NACIONAL | B81: UNIVERSIDAD PEDAGOGICA NACIONAL | D81: 213663973 | E81: 2020 | F81: 243.41 | G81: 0.9 | H81: =G81*F81 -> 219.069 | I81: 44005 | J81: CUMPLE | L81: =H81 -> 219.069 | N81: CUMPLE | R81: SE TOMA VALOR REPORTADO EN EL RUP
A82: =VLOOKUP(A73,'LISTA DE OFERENTES'!$A$4:$H$84,6,FALSE) -> GÉNESIS INGENIERÍA Y CONSTRUCCIÓN GIC S.A.S. - 10%
A83: CONSTRUCCION OBRA CIVIL DEL BLOQUE NORTE DEL MODULO INTERDISCIPLINARIO DE LA UNIVARSIDAD TECNOLOGICA DE PEREIRA | B83: UNIVERSIDAD TECNOLOGICA DE PEREIRA | D83: 5078489298 | E83: 2009 | F83: =D83/(VLOOKUP(E83,$D$930:$E$963,2,FALSE)) -> 10220.345 | G83: 1 | H83: =G83*F83 -> 10220.345 | I83: 39828 | J83: CUMPLE | L83: =H83 -> 10220.345 | N83: CUMPLE | P83: =L83 -> 10220.345
A84: =VLOOKUP(A73,'LISTA DE OFERENTES'!$A$4:$H$84,7,FALSE) -> PROYECTOS DISEÑOS INGENIERÍA ARQUITECTURA Y CONSTRUCCIONES LTDA - 10%
A85: CONSTRUCCION DE AULAS ESCOLARES EN LAS DIFERENTES INSTITUCIONES EDUCATIVAS DELMUNICIPIO DE LA PLATA HUILA | B85: MUNICIPIO DE LA PLATA HUILA | D85: 494469652 | E85: 2015 | F85: =D85/(VLOOKUP(E85,$D$930:$E$963,2,FALSE)) -> 767.39296 | G85: 1 | H85: =G85*F85 -> 767.39296 | I85: 42287 | J85: CUMPLE | L85: =H85 -> 767.39296 | N85: CUMPLE
A86: TOTALES | H86: =SUM(H81:H85) -> 11206.807 | I86: EXPERIENCIA DEL PROPONENTE | O86: =IF(P86>O80,"CUMPLE","NO CUMPLE") -> CUMPLE | P86: =SUM(P80:P85) -> 10220.345 | R86: =+IF(AND(M80="CUMPLE",C77="CUMPLE",Q80="CUMPLE"),"HABILITADO","NO HABILITADO") -> HABILITADO
A88: =1+A73 -> 7 | E88: =VLOOKUP(A88,'LISTA DE OFERENTES'!$A$4:$B$84,2,FALSE) -> UNION TEMPORAL HCE SALONES COMUNALES
A89: NÚMERO DE CONTRATOS PRESENTADOS | B89: 2 | C89: PRESUPUESTO OFICIAL EN SMMLV LICITACIÓN | D89: =+$E$909 -> 3821.2236
A90: VALOR MÍNIMO A CERTIFICAR | C90: =IF(B89<3,0.75,IF(B89<5,1.2,1.5)) -> 0.75 | D90: =$D$909*C90 -> 2865.9177
A91: TERMINO DE EJECUCION EXIGIDO | C91: 45625
A92: TOTAL SALARIOS MINIMOS ACREDITADOS | C92: =+IF(H101>D90,"CUMPLE","NO CUMPLE") -> CUMPLE
A93: CONDICIONES DE EXPERIENCIA | I93: CONDICION N°. 1 (VER TABLA AL FINAL DE LA HOJA) | J93: CONDICION N°. 2 (VER TABLA AL FINAL DE LA HOJA) | K93: CONDICION N°. 4 (VER TABLA AL FINAL DE LA HOJA) | M93: VALIDACIÓN CONDICIONES | N93: VALIDACIÓN EXPERIENCIA GENERAL | O93: EXPERIENCIA ESPECIFICA (1) POR LO MENOS UNO (1) DE LOS CONTRATOS VÁLIDOS APORTADOS COMO EXPERIENCIA GENERAL DEBE CORRESPONDER MÍNIMO AL 50% DEL PRESUPUESTO OFICIAL DEL PRESENTE PROCESO DE SELECCIÓN. | Q93: CONCLUSIÓN ACREDITACIÓN EXPERIENCIA GENERAL Y EXPERIENCIA ESPECIFICA | R93: OBSERVACIONES Y RESPUESTA A LAS OBSERVACIONES
A94: Objeto del Contrato | B94: Entidad Contratante | D94: Valor Contrato | E94: Año de ejecución aportado | F94: Valor del Contrato en SMMLV | G94: Participación UT/CONSORCIO | H94: Participación en SMMLV | I94: Término de ejecución aportado | J94: CODIGO UNSPSC SEGMENTOS 72 (72101500, 72102900, 72103300, 72121100, 72151900, 72152700, 72153600) | L94: Valor aportado
A95: =VLOOKUP(A88,'LISTA DE OFERENTES'!$A$4:$H$84,5,FALSE) -> HARINSA NAVASFALT INFRAESTRUCTURA S.A.S - 2% | K95: =$D$909/2 -> 1910.6118 | M95: NO CUMPLE | O95: =$D$909*0.5 -> 1910.6118 | Q95: CUMPLE
A96: CONSTRUCCION DEL NUEVO COLEGIO PUBLICO DE EDUCACION INFANTIL Y PRIMARIA EN ROCHAPEA. | B96: GOBIERNO DE NAVARRA - DEPARTAMENTO DE EDUCACION | D96: 8357139695 | E96: 2010 | F96: =D96/(VLOOKUP(E96,$D$930:$E$963,2,FALSE)) -> 16227.456 | G96: 1 | H96: =G96*F96 -> 16227.456 | I96: 40237 | J96: CUMPLE | L96: =H96 -> 16227.456 | N96: CUMPLE | P96: =L96 -> 16227.456
A97: =VLOOKUP(A88,'LISTA DE OFERENTES'!$A$4:$H$84,6,FALSE) -> CONSTRUCTORA DE VIVIENDA Y OBRAS CIVILES DE COLOMBIA S.A.S - 50%
A98: MEJORAMIENTO DE LA INFRAESTRUCTURA EDUCATIVA DE COLEGIO Y ESCUELAS, Y CONSTRUCCION DE CUBIERTA Y CANCHA PARA EL COLEGIO ELISEO PINILLA, DEL MUNICIPIO DE VILLANUEVA, SANTANDER. | B98: MUNICIPIO DE VILLANUEVA, SANTANDER. | D98: 1268403671 | E98: 2017 | F98: =D98/(VLOOKUP(E98,$D$930:$E$963,2,FALSE)) -> 1719.3635 | G98: 0.98 | I98: 43014 | J98: CUMPLE | L98: =H98 -> 0 | N98: NO CUMPLE | R98: UNA VEZ REVISADA SU OBSERVACIÓN Y/O ACLARACIÓN SE REITERA QUE EL CONTRATO EN REFERENCIA REALIZO ACTIVIDADES PARA LA INTERVENCIÓN PARA UNA CUBIERTA Y CANCHA DEPORTIVA, LO CUAL SEGÚN EL GLOSARIO DE LOS PLIEGOS TIPO DICHAS ACTIVIDADES CORRESPONDEN A UN ESCENARIO DEPORTIVO "Instalación construida o adecuada para la práctica de un deporte determinado y legalmente reconocido por el Estado colombiano por intermedio de la autoridad competente respectiva incluyendo todas sus dependencias internas y externas y vías de ingreso y egreso aledañas a dicho escenario". POR LO TANTO NO CUMPLE CON LA EXPERIENCIA SOLICITADA EN EL PLIEGO DE CONDICIONES, LA CUAL CORRESPONDE A INTERVENCIONES EN EDIFICACIONES, ES ASI QUE NO ES POSBLE VERIFICAR EL VALOR CORRESPONDIENTE A LAS ACTIVIDADES PARA ACREDITAR LA EXPERIENCIA DEL PLIEGO TIPO DE INFRAESTRUCTURA SOCIAL LA CUAL CORRESPONDE A INTERVENCIONES EN EDIFICACIONES. SIENDO ASÍ QUE EL CONSORCIADO CONSTRUCTORA DE VIVIENDA Y OBRAS CIVILES DE COLOMBIA SAS NO CUMPLE CON LO ESTABLECIDO EN EL PLIEGO DE CONDICIONES EN SU NUMERAL 3.5.2 LITERAL D EL CUAL SEÑALA QUE PARA PODER TENER UN PORCENTAJE DE PARTICIPACIÓN DIFERENTE AL 10% DE LA CONFORMACIÓN DE PROPONENTE PLURAL EL INTEGRANTE DEBERÁ APORTAR POR LO MENOS EL 5% DE LA EXPERIENCIA REQUERIDA
A99: =VLOOKUP(A88,'LISTA DE OFERENTES'!$A$4:$H$84,7,FALSE) -> EDGAR A. RAMIREZ RIVERO S.A.S. - 48%
A100: OBRAS PARA ADECUACION DE LAS INSTALACIONES DE LA ESE HOSPITAL UNIVERSITARIO DE SANTANDER. | B100: HOSPITAL UNIVERSITARIO DE SANTANDER. | D100: 1868920365 | E100: 2023 | F100: =D100/(VLOOKUP(E100,$D$930:$E$963,2,FALSE)) -> 1611.1382 | G100: 1 | H100: =G100*F100 -> 1611.1382 | I100: 45201 | J100: CUMPLE | L100: =H100 -> 1611.1382 | N100: CUMPLE
A101: TOTALES | H101: =SUM(H96:H100) -> 17838.594 | I101: EXPERIENCIA DEL PROPONENTE | N101: CUMPLE | O101: =IF(P101>O95,"CUMPLE","NO CUMPLE") -> CUMPLE | P101: =SUM(P95:P100) -> 16227.456 | R101: =+IF(AND(M95="CUMPLE",C92="CUMPLE",Q95="CUMPLE"),"HABILITADO","NO HABILITADO") -> NO HABILITADO
A103: =1+A88 -> 8 | E103: =VLOOKUP(A103,'LISTA DE OFERENTES'!$A$4:$B$84,2,FALSE) -> ARMELCO SAS
A104: NÚMERO DE CONTRATOS PRESENTADOS | B104: 1 | C104: PRESUPUESTO OFICIAL EN SMMLV LICITACIÓN | D104: =+$E$909 -> 3821.2236
A105: VALOR MÍNIMO A CERTIFICAR | C105: =IF(B104<3,0.75,IF(B104<5,1.2,1.5)) -> 0.75 | D105: =$D$909*C105 -> 2865.9177
A106: TERMINO DE EJECUCION EXIGIDO | C106: 45625
A107: TOTAL SALARIOS MINIMOS ACREDITADOS | C107: =+IF(H112>D105,"CUMPLE","NO CUMPLE") -> CUMPLE
A108: CONDICIONES DE EXPERIENCIA | I108: CONDICION N°. 1 (VER TABLA AL FINAL DE LA HOJA) | J108: CONDICION N°. 2 (VER TABLA AL FINAL DE LA HOJA) | K108: CONDICION N°. 4 (VER TABLA AL FINAL DE LA HOJA) | M108: VALIDACIÓN CONDICIONES | N108: VALIDACIÓN EXPERIENCIA GENERAL | O108: EXPERIENCIA ESPECIFICA (1) POR LO MENOS UNO (1) DE LOS CONTRATOS VÁLIDOS APORTADOS COMO EXPERIENCIA GENERAL DEBE CORRESPONDER MÍNIMO AL 50% DEL PRESUPUESTO OFICIAL DEL PRESENTE PROCESO DE SELECCIÓN. | Q108: CONCLUSIÓN ACREDITACIÓN EXPERIENCIA GENERAL Y EXPERIENCIA ESPECIFICA | R108: OBSERVACIONES Y RESPUESTA A LAS OBSERVACIONES
A109: Objeto del Contrato | B109: Entidad Contratante | D109: Valor Contrato | E109: Año de ejecución aportado | F109: Valor del Contrato en SMMLV | G109: Participación UT/CONSORCIO | H109: Participación en SMMLV | I109: Término de ejecución aportado | J109: CODIGO UNSPSC SEGMENTOS 72 (72101500, 72102900, 72103300, 72121100, 72151900, 72152700, 72153600) | L109: Valor aportado
...

Sheet K RESIDUAL
A1: FONDO DE DESARROLLO LOCAL DE ENGATIVÁ
A2: LICITACION PUBLICA FDLE-LP-810-2024
A3: Verificación Capacidad Residual
A5: 1 | N5: =VLOOKUP(A5,'LISTA DE OFERENTES'!$A$4:$B$70,2,FALSE) -> CONSORCIO OASIS.
A28: 2 | N28: =VLOOKUP(A28,'LISTA DE OFERENTES'!$A$4:$B$70,2,FALSE) -> CONSTRUCTORA DE INFRAESTRUCTURA COLOMBIANA COINCO S.A.S.
A51: 3 | N51: =VLOOKUP(A51,'LISTA DE OFERENTES'!$A$4:$B$70,2,FALSE) -> CONSORCIO SALONES CR 2024.
A74: 4 | N74: =VLOOKUP(A74,'LISTA DE OFERENTES'!$A$4:$B$70,2,FALSE) -> CONSORCIO SALONES - ARM- 2024
A97: 5 | N97: =VLOOKUP(A97,'LISTA DE OFERENTES'!$A$4:$B$70,2,FALSE) -> C.B.C INGENIERÍA CIVIL Y MANTENIMIENTO SAS
A120: 6 | N120: =VLOOKUP(A120,'LISTA DE OFERENTES'!$A$4:$B$70,2,FALSE) -> CONSORCIO SALONES ENGATIVA HGR
A143: 7 | B143: EL OFERENTE EN EL TERMINO DEL TRASLADO DEL INFORME DE EVALUACIÓN PRELIMINAR DE ACUERDO CON EL CRONOGRAMA DEL PROCESO DE SELECCIÓN, NO REALIZO LA SUBSANACIÓN DE LO SOLICITADO EN EL INFORME DE EVALUACIÓN PRELIMINAR PARA CAPACIDAD RESIDUAL, EL CUAL ESTABLECIA QUE: "EL OFERENTE NO CUMPLE LA CAPACIDAD RESIDUAL, DADO QUE LOS CONSORCIADOS CONSTRUCTORA DE VIVIENDA Y OBRAS CIVILES DE COLOMBIA S.A.S. Y HARINSA NAVASFALT INFRAESTRUCTURA S.A.S., NO APORTAN EL ESTADO DE RESULTADOS INTEGRAL DEL AÑO CON MAYOR INGRESO OPERACIONAL DEBIDAMENTE FIRMADO COMO LO ESTABLECE EL PLIEGO DE CONDICIONES EN SU NUMERAL 3.10.2; LITERAL A ""(...) debidamente firmado por el representante legal y el contador bajo cuya responsabilidad se han preparado y por el revisor fiscal o, en caso de no haberlo, por no estar obligado a tenerlo, por contador público independiente (...)"". DE IGUAL FORMA, EL CONSORCIADO CONSTRUCTORA DE VIVIENDA Y OBRAS CIVILES DE COLOMBIA S.A.S., NO APORTA EL DICTAMEN U OPINION DE CONFORMIDAD CON LOS ESTADOS FINANCIEROS TAL COMO LO ESTABLECE EL PLIEGO DE CONDICIONES EN SU NUMERAL 3.10.2.; LITERAL A. CAPACIDAD DE ORGANIZACIÓN; Y ASÍ MISMO, ESTE NO APORTA LOS DOCUMENTOS SOLICITADOS EN EL NUMERAL 3.10.2.; LITERAL II. EN DONDE EL PLIEGO SEÑALA QUE SE DEBE APORTAR LOS SIGUIENTES DOCUMENTOS ""Copia de la tarjeta profesional y certificado de antecedentes disciplinarios vigentes de los contadores públicos, revisores fiscales, contadores independientes (externos), quienes suscribieron los documentos señalados en el presente literal. " SE REQUIERE AL OFERENTE PARA QUE SUBSANE EN EL TERMINO DEL TRASLADO DEL INFORME DE EVALUACIÓN PRELIMINAR" | N143: =VLOOKUP(A143,'LISTA DE OFERENTES'!$A$4:$B$70,2,FALSE) -> UNION TEMPORAL HCE SALONES COMUNALES
A166: 8 | N166: =VLOOKUP(A166,'LISTA DE OFERENTES'!$A$4:$B$70,2,FALSE) -> ARMELCO SAS
A189: 9 | N189: =VLOOKUP(A189,'LISTA DE OFERENTES'!$A$4:$B$70,2,FALSE) -> CONSORCIO SANTA MARTA 03
A212: 10 | N212: =VLOOKUP(A212,'LISTA DE OFERENTES'!$A$4:$B$70,2,FALSE) -> CONSORCIO CONSTRUCTORES DEL OCCIDENTE
A235: 11 | N235: =VLOOKUP(A235,'LISTA DE OFERENTES'!$A$4:$B$70,2,FALSE) -> VISUAR S.A.S
A258: 12 | N258: =VLOOKUP(A258,'LISTA DE OFERENTES'!$A$4:$B$70,2,FALSE) -> CONSORCIO MANTENIMIENTO A&S
A281: 13 | N281: =VLOOKUP(A281,'LISTA DE OFERENTES'!$A$4:$B$70,2,FALSE) -> CONSORCIO RDB
A304: 14 | B304: EL OFERENTE EN EL TERMINO DEL TRASLADO DEL INFORME DE EVALUACIÓN PRELIMINAR DE ACUERDO CON EL CRONOGRAMA DEL PROCESO DE SELECCIÓN, NO REALIZO LA SUBSANACIÓN DE LO SOLICITADO EN EL INFORME DE EVALUACIÓN PRELIMINAR PARA CAPACIDAD RESIDUAL, EL CUAL ESTABLECIA QUE: EL OFERENTE NO CUMPLE LA CAPACIDAD RESIDUAL YA QUE DENTRO DE LOS DOCUEMNTOS PRESENTADOS NO SE EVIDENCIA EL RUP PARA VALIDAR EL INDICE DE LIQUIDEZ. A SU VEZ, NO APORTA EL ESTADO DE RESULTADOS INTEGRAL DEL AÑO CON MAYOR INGRESO OPERACIONAL DEBIDAMENTE FIRMADO COMO LO ESTABLECE EL PLIEGO DE CONDICIONES EN SU NUMERAL 3.10.2; LITERAL A ""(...) debidamente firmado por el representante legal y el contador bajo cuya responsabilidad se han preparado y por el revisor fiscal o, en caso de no haberlo, por no estar obligado a tenerlo, por contador público independiente (...)"". DE IGUAL FORMA EL OFERENTE NO APORTA EL DICTAMEN U OPINION DE CONFORMIDAD CON LOS ESTADOS FINANCIEROS TAL COMO LO ESTABLECE EL PLIEGO DE CONDICIONES EN SU NUMERAL 3.10.2.; LITERAL A. CAPACIDAD DE ORGANIZACIÓN; Y ASÍ MISMO, ESTE NO APORTA LOS DOCUMENTOS SOLICITADOS EN EL NUMERAL 3.10.2.; LITERAL II. EN DONDE EL PLIEGO SEÑALA QUE SE DEBE APORTAR LOS SIGUIENTES DOCUMENTOS ""Copia de la tarjeta profesional y certificado de antecedentes disciplinarios vigentes de los contadores públicos, revisores fiscales, contadores independientes (externos), quienes suscribieron los documentos señalados en el presente literal. " SE REQUIERE AL OFERENTE PARA QUE SUBSANE EN EL TERMINO DEL TRASLADO DEL INFORME DE EVALUACIÓN PRELIMINAR" | N304: =VLOOKUP(A304,'LISTA DE OFERENTES'!$A$4:$B$70,2,FALSE) -> RCC INGENIERÍA Y PROYECTOS S.A.S.
A327: 15 | B327: EL OFERENTE EN EL TERMINO DEL TRASLADO DEL INFORME DE EVALUACIÓN PRELIMINAR DE ACUERDO CON EL CRONOGRAMA DEL PROCESO DE SELECCIÓN, NO REALIZO LA SUBSANACIÓN DE LO SOLICITADO EN EL INFORME DE EVALUACIÓN PRELIMINAR PARA CAPACIDAD RESIDUAL, EL CUAL ESTABLECIA QUE: "EL OFERENTE NO CUMPLE LA CAPACIDAD RESIDUAL, DADO QUE EL CONSORCIADO VIGAVI ZOMAC S.A.S., DENTRO DE LOS DOCUMENTOS APORTADOS EL CERTIFICADO DE ANTECEDENTES DISCIPLINARIO DE LA CONTADORA MARJORIE MOSCOTE EPIEYU NO SE ENCUENTRA VIGENTE AL CIERRE DEL PROCESO DE SELECCIÓN. ADICIONALMENTE, NO SE ESTÁN TOMANDO LOS FORMATOS No. 5 PUBLICADOS POR EL FDLE PARA EL PRESENTE PROCESO DE SELECCIÓN. SE REQUIERE AL OFERENTE PARA QUE SUBSANE EN EL TERMINO DEL TRASLADO DEL INFORME DE EVALUACIÓN PRELIMINAR" | N327: =VLOOKUP(A327,'LISTA DE OFERENTES'!$A$4:$B$70,2,FALSE) -> CONSORCIO SALCO 13
A350: 16 | N350: =VLOOKUP(A350,'LISTA DE OFERENTES'!$A$4:$B$70,2,FALSE) -> CONSORCIO WAS
A373: 17 | N373: =VLOOKUP(A373,'LISTA DE OFERENTES'!$A$4:$B$70,2,FALSE) -> CONSORCIO CONSTRUOPUS ENGATIVA
A396: 18 | N396: =VLOOKUP(A396,'LISTA DE OFERENTES'!$A$4:$B$70,2,FALSE) -> CONSORCIO ZF 1
A419: 19 | N419: =VLOOKUP(A419,'LISTA DE OFERENTES'!$A$4:$B$70,2,FALSE) -> CONSORCIO GMAC
A442: 20 | N442: =VLOOKUP(A442,'LISTA DE OFERENTES'!$A$4:$B$70,2,FALSE) -> CONSORCIO ISAJU
A465: 21 | N465: =VLOOKUP(A465,'LISTA DE OFERENTES'!$A$4:$B$70,2,FALSE) -> CONSORCIO OBRAS CIVILES MEQ
A488: 22 | B488: EL OFERENTE EN EL TERMINO DEL TRASLADO DEL INFORME DE EVALUACIÓN PRELIMINAR DE ACUERDO CON EL CRONOGRAMA DEL PROCESO DE SELECCIÓN, NO REALIZO EN DEBIDA FORMA LA SUBSANACIÓN DE LO SOLICITADO EN EL INFORME DE EVALUACIÓN PRELIMINAR PARA CAPACIDAD RESIDUAL, DADO QUE EN LA DOCUMENTACIÓN REMITIDA SE SIGUE ESTABLECIENDO QUE EL CONSORCIADO NECONSER SAS NO ACREDITO EL ESTADO DE RESULTADOS INTEGRAL DEL AÑO CON MAYOR INGRESO OPERACIONAL DEBIDAMENTE FIRMADO COMO LO ESTABLECE EL PLIEGO DE CONDICIONES EN SU NUMERAL 3.10.2; LITERAL A "(...) debidamente firmado por el representante legal y el contador bajo cuya responsabilidad se han preparado y por el revisor fiscal o, en caso de no haberlo, por no estar obligado a tenerlo, por contador público independiente (...)". DE IGUAL FORMA, EL OFERENTE NO SUBSANO LO REFERIDO CON EL DILIGENCIAMIENTO DE LOS FORMATOS No. 5 PBULICADOS POR EL FDLE PARA EL PRESENTE PROCESO DE SELECCIÓN. POR LO ANTERIOR, EL OFERENTE NO SUBSANO EN DEBIDA FORMA LO SOLICITADO EN EL PLIEGO DE CONDICIONES PRELIMINAR PARA LA CAPACIDAD RESIDUAL. | N488: =VLOOKUP(A488,'LISTA DE OFERENTES'!$A$4:$B$70,2,FALSE) -> CONSORCIO CONSTRUCTOR AND
A511: 23 | N511: =VLOOKUP(A511,'LISTA DE OFERENTES'!$A$4:$B$70,2,FALSE) -> CONSORCIO ENGATIVÁ 2025
A534: 24 | N534: =VLOOKUP(A534,'LISTA DE OFERENTES'!$A$4:$B$70,2,FALSE) -> CONSORCIO SANTA LUCIA
A557: 25 | N557: =VLOOKUP(A557,'LISTA DE OFERENTES'!$A$4:$B$70,2,FALSE) -> CONSORCIO BOGOTÁ GG
A580: 26 | N580: =VLOOKUP(A580,'LISTA DE OFERENTES'!$A$4:$B$70,2,FALSE) -> CONSORCIO COMUNAL OLG
A603: 27 | N603: =VLOOKUP(A603,'LISTA DE OFERENTES'!$A$4:$B$70,2,FALSE) -> CONSORCIO INTELPOLO Z10
A626: 28 | N626: =VLOOKUP(A626,'LISTA DE OFERENTES'!$A$4:$B$70,2,FALSE) -> IG INGENIEROS Y ARQUITECTOS S.A.S.
A649: 29 | N649: =VLOOKUP(A649,'LISTA DE OFERENTES'!$A$4:$B$70,2,FALSE) -> PUERTA DEL SOL
A672: 30 | N672: =VLOOKUP(A672,'LISTA DE OFERENTES'!$A$4:$B$70,2,FALSE) -> CONSORCIO TANGO
A695: 31 | N695: =VLOOKUP(A695,'LISTA DE OFERENTES'!$A$4:$B$70,2,FALSE) -> CONSORCIO COMUNALES 2025
A718: 32 | N718: =VLOOKUP(A718,'LISTA DE OFERENTES'!$A$4:$B$70,2,FALSE) -> UNION TEMPORAL MANTENIMIENTO
A741: 33 | N741: =VLOOKUP(A741,'LISTA DE OFERENTES'!$A$4:$B$70,2,FALSE) -> CONSORCIO COIDEAR
A764: 34 | N764: =VLOOKUP(A764,'LISTA DE OFERENTES'!$A$4:$B$70,2,FALSE) -> CONSTRUCTORA GED S.A.S
A787: 35 | N787: =VLOOKUP(A787,'LISTA DE OFERENTES'!$A$4:$B$70,2,FALSE) -> CONSORCIO POWER
A810: 36 | B810: EL OFERENTE EN EL TERMINO DEL TRASLADO DEL INFORME DE EVALUACIÓN PRELIMINAR DE ACUERDO CON EL CRONOGRAMA DEL PROCESO DE SELECCIÓN, NO REALIZO EN DEBIDA FORMA LA SUBSANACIÓN DE LO SOLICITADO EN EL INFORME DE EVALUACIÓN PRELIMINAR PARA CAPACIDAD RESIDUAL, DADO QUE EN LA DOCUMENTACIÓN REMITIDA SE SIGUE ESTABLECIENDO QUE EL CONSORCIADO RODRIGUEZ BAUTISTA EDIFICAR S.A.S. NO ACREDITA EL ESTADO DE RESULTADOS INTEGRAL DEL AÑO CON MAYOR INGRESO OPERACIONAL DEBIDAMENTE FIRMADO COMO LO ESTABLECE EL PLIEGO DE CONDICIONES EN SU NUMERAL 3.10.2; LITERAL A "(...) debidamente firmado por el representante legal y el contador bajo cuya responsabilidad se han preparado y por el revisor fiscal o, en caso de no haberlo, por no estar obligado a tenerlo, por contador público independiente (...)". POR LO ANTERIOR, EL OFERENTE NO SUBSANO EN DEBIDA FORMA LO SOLICITADO EN EL PLIEGO DE CONDICIONES PRELIMINAR PARA LA CAPACIDAD RESIDUAL. | N810: =VLOOKUP(A810,'LISTA DE OFERENTES'!$A$4:$B$70,2,FALSE) -> CONSORCIO GR 2024
A833: 37 | N833: CONSORCIO SAN ANTONIO
A856: 38 | N856: CONSORCIO SAN BENITO
A879: 39 | N879: =VLOOKUP(A879,'LISTA DE OFERENTES'!$A$4:$B$70,2,FALSE) -> CONSORCIO URIEL
A902: 40 | N902: =VLOOKUP(A902,'LISTA DE OFERENTES'!$A$4:$B$70,2,FALSE) -> UNION TEMPORAL PROCIMAB
A925: 41 | N925: =VLOOKUP(A925,'LISTA DE OFERENTES'!$A$4:$B$70,2,FALSE) -> CONSORCIO SALONES-5G.
A948: 42 | N948: =VLOOKUP(A948,'LISTA DE OFERENTES'!$A$4:$B$70,2,FALSE) -> CONSORCIO INFRAESTRUCTURA ENGATIVA
A971: 43 | N971: =VLOOKUP(A971,'LISTA DE OFERENTES'!$A$4:$B$70,2,FALSE) -> PROINCO INGENIERIA S.A.S.
A994: 44 | N994: =VLOOKUP(A994,'LISTA DE OFERENTES'!$A$4:$B$70,2,FALSE) -> CONSORCIO PROMYM-KA
A1017: 45 | N1017: =VLOOKUP(A1017,'LISTA DE OFERENTES'!$A$4:$B$70,2,FALSE) -> CONSORCIO GUATAPURI
A1040: 46 | N1040: =VLOOKUP(A1040,'LISTA DE OFERENTES'!$A$4:$B$70,2,FALSE) -> CONSORCIO E&E ENGATIVA 2025
A1063: 47 | N1063: =VLOOKUP(A1063,'LISTA DE OFERENTES'!$A$4:$B$70,2,FALSE) -> CONSORCIO SALÓN COMUNAL DGS810.
A1086: 48 | N1086: =VLOOKUP(A1086,'LISTA DE OFERENTES'!$A$4:$B$70,2,FALSE) -> CONSORCIO BELÉN 25
A1109: 49 | N1109: =VLOOKUP(A1109,'LISTA DE OFERENTES'!$A$4:$B$70,2,FALSE) -> CONSORCIO URBANO GI
A1132: 50 | N1132: =VLOOKUP(A1132,'LISTA DE OFERENTES'!$A$4:$B$70,2,FALSE) -> CONSORCIO INFRACOSTA 24
... A1178: 52 | N1178: =VLOOKUP(A1178,'LISTA DE OFERENTES'!$A$4:$B$70,2,FALSE) -> UNION TEMPORAL CONSTRUCCIONES C&G.
A1201: 53 | B1201: EL OFERENTE EN EL TERMINO DEL TRASLADO DEL INFORME DE EVALUACIÓN PRELIMINAR DE ACUERDO CON EL CRONOGRAMA DEL PROCESO DE SELECCIÓN, NO REALIZO EN DEBIDA FORMA LA SUBSANACIÓN DE LO SOLICITADO EN EL INFORME DE EVALUACIÓN PRELIMINAR PARA CAPACIDAD RESIDUAL, DADO QUE EN LA DOCUMENTACIÓN REMITIDA SE SIGUE ESTABLECIENDO QUE EL CONSORCIADO PROYECTOS DE INGENIERIA Y EQUIPOS SAS, NO ACREDITA EL ESTADO DE RESULTADOS INTEGRAL DEL AÑO CON MAYOR INGRESO OPERACIONAL DEBIDAMENTE FIRMADO COMO LO ESTABLECE EL PLIEGO DE CONDICIONES EN SU NUMERAL 3.10.2; LITERAL A "(...) debidamente firmado por el representante legal y el contador bajo cuya responsabilidad se han preparado y por el revisor fiscal o, en caso de no haberlo, por no estar obligado a tenerlo, por contador público independiente (...)", DE IGUAL FORMA EL CONSORCIADO NO APORTA EL DICTAMEN U OPINION DE CONFORMIDAD CON LOS ESTADOS FINANCIEROS TAL COMO LO ESTABLECE EL PLIEGO DE CONDICIONES EN SU NUMERAL 3.10.2.; LITERAL A. CAPACIDAD DE ORGANIZACIÓN. SIENDO ASÍ EXPLICITO EL PLIEGO DE CONDICIONES DEFINITIVO EN SEÑALAR QUE EL ESTADO DE RESULTADOS INTEGRAL DEBERÁ ESTAR FIRMADO POR EL CONTADOR QUIEN LOS PREPARO Y POR EL REVISOR FISCAL, O EN CASO DE NO ESTAR OBLIGADO A TENERLO POR UN CONTADOR PUBLICO INDEPENDIENTE, SIENDO ASÍ QUE EL ARTICULO 38 DE LA LEY 222 DE 1995 TAMBIEN SEÑALA "Son dictaminados aquellos estados financieros certificados que se acompañen de la opinión profesional del revisor fiscal o, a falta de éste, del contador público independiente que los hubiere examinado de conformidad con las normas de auditoría generalmente aceptadas." POR LO ANTERIOR, EL OFERENTE NO SUBSANO EN DEBIDA FORMA LO SOLICITADO EN EL PLIEGO DE CONDICIONES PRELIMINAR PARA LA CAPACIDAD RESIDUAL. | N1201: =VLOOKUP(A1201,'LISTA DE OFERENTES'!$A$4:$B$70,2,FALSE) -> CONSORCIO ADECUACIONES TREQSA.
A1224: 54 | N1224: =VLOOKUP(A1224,'LISTA DE OFERENTES'!$A$4:$B$70,2,FALSE) -> GRUPO MSG S.A.S
A1247: 55 | N1247: =VLOOKUP(A1247,'LISTA DE OFERENTES'!$A$4:$B$70,2,FALSE) -> GRUPO EMPRESARIAL INVERSIONES Y CONSTRUCCIONES COMPAÑÍA S.A.S INCO S.A.S
A1270: 56 | N1270: =VLOOKUP(A1270,'LISTA DE OFERENTES'!$A$4:$B$70,2,FALSE) -> CONSORCIO OBRAS 2024
A1293: 57 | N1293: =VLOOKUP(A1293,'LISTA DE OFERENTES'!$A$4:$B$70,2,FALSE) -> CONSORCIO ADECUACIONES RED DISTRITAL 0108
A1316: 58 | N1316: =VLOOKUP(A1316,'LISTA DE OFERENTES'!$A$4:$B$70,2,FALSE) -> INGENIRIA RH SAS
A1339: 59 | N1339: =VLOOKUP(A1339,'LISTA DE OFERENTES'!$A$4:$B$70,2,FALSE) -> CONSORCIO RL ENGATIVA 2025
A1362: 60 | N1362: =VLOOKUP(A1362,'LISTA DE OFERENTES'!$A$4:$B$70,2,FALSE) -> CONSORCIO EDIFICACIONES CAPITAL 2021
A1385: 61 | N1385: =VLOOKUP(A1385,'LISTA DE OFERENTES'!$A$4:$B$70,2,FALSE) -> WRUSSY INGENIEROS SAS
A1408: 62 | N1408: =VLOOKUP(A1408,'LISTA DE OFERENTES'!$A$4:$B$70,2,FALSE) -> CONSORCIO ADECUACIONES HICUM
A1431: 63 | N1431: =VLOOKUP(A1431,'LISTA DE OFERENTES'!$A$4:$B$70,2,FALSE) -> CONSORCIO SALONES ENGATIVA 2025

Sheet CONDICIONES GENERALES
M3: Cada contrato debe cumplir con alguno de estos códigos (72101500, 72102900, 72103300, 72121100, 72151900, 72152700, 72153600)
C6: OBJETO: REALIZAR A MONTO AGOTABLE Y A PRECIOS UNITARIOS EL MANTENIMIENTO Y/O ADECUACIONES Y/O REPARACIONES LOCATIVAS DE LOS SALONES COMUNALES UBICADOS EN LA LOCALIDAD DE ENGATIVÁ
C8: Experiencia en contratos, que incluyan actividades:
C9: EXPERIENCIA GENERAL
C10: • CONSTRUCCIÓN Y/O TERMINACIÓN Y/O AMPLIACIÓN Y/O RECONSTRUCCIÓN Y/O REMODELACIÓN Y/O REFORZAMIENTO Y/O ADECUACIÓN Y/O REPARACIÓN Y/O MANTENIMIENTO Y/O MEJORAMIENTO Y/O MODIFICACIÓN DE EDIFICACIONES.
C14: EXPERIENCIA ESPECIFICA
C15: POR LO MENOS UNO (1) DE LOS CONTRATOS VÁLIDOS APORTADOS COMO EXPERIENCIA GENERAL DEBE CORRESPONDER MÍNIMO AL 50% DEL PRESUPUESTO OFICIAL DEL PRESENTE PROCESO DE SELECCIÓN.
C16: NÚMERO DE CONTRATOS: C. El Proponente podrá acreditar la experiencia solicitada con mínimo uno (1) y máximo cinco (5) contratos, los cuales serán evaluados teniendo en cuenta la tabla del numeral 3.5.7 del Pliego de Condiciones, así como el contenido establecido en la matriz de experiencia aplicable al proyecto de infraestructura social.
C17: CONDICIÓN 1:D. Deben haber terminado antes de la fecha de cierre del presente procedimiento de selección. Esta fecha corresponde al momento de terminación de la ejecución del Contrato, por lo que no necesariamente coincide con la fecha de entrega y/o recibo final, liquidación o acta final, salvo que de los documentos del numeral 3.5.5 se derive tal información.
C18: CONDICIÓN 2:A. En el Clasificador de Bienes y servicios, el segmento correspondiente para la clasificación de la experiencia es el segmento 72. (72101500, 72102900, 72103300, 72121100, 72151900, 72152700, 72153600)
C19: CONDICIÓN 3: C. Si el Proponente relaciona o anexa más de cinco (5) contratos en el Formato 3 - Experiencia, para efectos de evaluar la experiencia se tendrá en cuenta como máximo los cinco (5) contratos aportados de mayor valor.
C20: CONDICIÓN 4: D. Tratándose de Proponentes Plurales se tendrá en cuenta lo siguiente: i) uno de los integrantes debe aportar como mínimo el cincuenta por ciento (50 %) de la experiencia solicitada; ii) los demás integrantes deben acreditar al menos el cinco por ciento (5 %) de la experiencia solicitada; y iii) sin perjuicio de lo anterior, solo uno (1) de los integrantes, si así lo considera pertinente, podrá no acreditar experiencia. En este último caso, el porcentaje de participación del integrante que no aporta experiencia en la estructura plural no podrá superar el diez por ciento (10 %). Estos porcentajes que acreditarán los integrantes del Proponente Plural se podrán cumplir con contratos válidos que acrediten el requisito de experiencia solicitada en el pliego de condiciones y se calcularán sobre el “valor mínimo a certificar (como % del Presupuesto Oficial de obra expresado en SMMLV)” de conformidad con el numeral 3.5.7. Independientemente de el o los integrantes del Proponente Plural que aporten contratos para acreditar la experiencia, estos se tendrán en cuenta para calcular el “número de contratos con los cuales el Proponente cumple la experiencia acreditada" de que trata el numeral citado. En armonía con lo anterior, para cumplir el requisito previsto en este literal no se solicitará la acreditación de longitudes, magnitudes, volúmenes o porcentajes requeridos en la experiencia específica, sino que bastará con acreditar los SMMLV.
C21: CONDICIÓN 5: F. Cuando el contrato que se pretende adjuntar como experiencia haya sido ejecutado en Consorcio o en Unión Temporal, el valor a considerar será el registrado en el RUP, o documento válido en caso de que el integrante no esté obligado a tener RUP. En estos casos, la experiencia efectivamente acreditada para el procedimiento de selección será la presentada multiplicada por el porcentaje de participación que tuvo el integrante o los integrantes que presentan la oferta.
C22: CONDICIÓN 6: H. Cuando el contrato que se aporte para la experiencia haya sido ejecutado por un Consorcio o una Unión Temporal, y dos (2) o más de sus integrantes conformen un Proponente Plural para participar en el presente proceso, dicho Contrato se entenderá aportado como un (1) solo Contrato y se tendrá en cuenta para el aporte de la experiencia la sumatoria de los porcentajes de los integrantes del Consorcio o de la Unión Temporal que ejecutaron el Contrato y que están participando en el presente Proceso de Contratación.

Sheet RESUMEN EVALUACIÓN
A1: FONDO DE DESARROLLO LOCAL DE ENGATIVÁ
A2: FDLE-LP-810-2024
A3: REALIZAR A MONTO AGOTABLE Y A PRECIOS UNITARIOS EL MANTENIMIENTO Y/O ADECUACIONES Y/O REPARACIONES LOCATIVAS DE LOS SALONES COMUNALES UBICADOS EN LA LOCALIDAD DE ENGATIVÁ
B5: NOMBRE DE OFERENTE | C5: INDICES FINANCIEROS | D5: CAPACIDAD JURIDICA | E5: CAPACIDAD TÉCNICA | F5: CAPACIDAD RESIDUAL | G5: INFORME FINAL | H5: OBSERVACIONES
A6: 1 | B6: =VLOOKUP(A6,'LISTA DE OFERENTES'!$A$4:$B$90,2,FALSE) -> CONSORCIO OASIS. | C6: CUMPLE | D6: CUMPLE | E6: CUMPLE | F6: CUMPLE | G6: =IF(AND(C6="CUMPLE",D6="CUMPLE",E6="CUMPLE",F6="CUMPLE"),"HABILITADO","NO HABILITADO") -> HABILITADO
A7: 2 | B7: =VLOOKUP(A7,'LISTA DE OFERENTES'!$A$4:$B$90,2,FALSE) -> CONSTRUCTORA DE INFRAESTRUCTURA COLOMBIANA COINCO S.A.S. | C7: CUMPLE | D7: CUMPLE | E7: CUMPLE | F7: CUMPLE | G7: =IF(AND(C7="CUMPLE",D7="CUMPLE",E7="CUMPLE",F7="CUMPLE"),"HABILITADO","NO HABILITADO") -> HABILITADO
A8: 3 | B8: =VLOOKUP(A8,'LISTA DE OFERENTES'!$A$4:$B$90,2,FALSE) -> CONSORCIO SALONES CR 2024. | C8: CUMPLE | D8: CUMPLE | E8: CUMPLE | F8: CUMPLE | G8: =IF(AND(C8="CUMPLE",D8="CUMPLE",E8="CUMPLE",F8="CUMPLE"),"HABILITADO","NO HABILITADO") -> HABILITADO
A9: 4 | B9: =VLOOKUP(A9,'LISTA DE OFERENTES'!$A$4:$B$90,2,FALSE) -> CONSORCIO SALONES - ARM- 2024 | C9: CUMPLE | D9: CUMPLE | E9: CUMPLE | F9: CUMPLE | G9: =IF(AND(C9="CUMPLE",D9="CUMPLE",E9="CUMPLE",F9="CUMPLE"),"HABILITADO","NO HABILITADO") -> HABILITADO
A10: 5 | B10: =VLOOKUP(A10,'LISTA DE OFERENTES'!$A$4:$B$90,2,FALSE) -> C.B.C INGENIERÍA CIVIL Y MANTENIMIENTO SAS | C10: CUMPLE | D10: CUMPLE | E10: CUMPLE | F10: CUMPLE | G10: =IF(AND(C10="CUMPLE",D10="CUMPLE",E10="CUMPLE",F10="CUMPLE"),"HABILITADO","NO HABILITADO") -> HABILITADO
A11: 6 | B11: =VLOOKUP(A11,'LISTA DE OFERENTES'!$A$4:$B$90,2,FALSE) -> CONSORCIO SALONES ENGATIVA HGR | C11: CUMPLE | D11: CUMPLE | E11: CUMPLE | F11: CUMPLE | G11: =IF(AND(C11="CUMPLE",D11="CUMPLE",E11="CUMPLE",F11="CUMPLE"),"HABILITADO","NO HABILITADO") -> HABILITADO
A12: 7 | B12: =VLOOKUP(A12,'LISTA DE OFERENTES'!$A$4:$B$90,2,FALSE) -> UNION TEMPORAL HCE SALONES COMUNALES | C12: CUMPLE | D12: CUMPLE | E12: NO CUMPLE | F12: NO CUMPLE | G12: RECHAZADO | H12: EL OFERENTE NO SUBSANO EN DEBIDA FORMA, POR LO TANTO DE ACUERDO A LA CAUSAL DE RECHAZO ESTABLECIDA EN EL PLIEGO DE CONDICIONES EN EL NUMERAL 1.15 LITERAL D "Que el proponente no aclare, subsane o aporte documentos necesarios para cumplir un requisito habilitante o aportándolos no lo haga de forma correcta, en los términos establecidos en la sección 1.6."
A13: 8 | B13: =VLOOKUP(A13,'LISTA DE OFERENTES'!$A$4:$B$90,2,FALSE) -> ARMELCO SAS | C13: CUMPLE | D13: CUMPLE | E13: CUMPLE | F13: CUMPLE | G13: =IF(AND(C13="CUMPLE",D13="CUMPLE",E13="CUMPLE",F13="CUMPLE"),"HABILITADO","NO HABILITADO") -> HABILITADO
A14: 9 | B14: =VLOOKUP(A14,'LISTA DE OFERENTES'!$A$4:$B$90,2,FALSE) -> CONSORCIO SANTA MARTA 03 | C14: CUMPLE | D14: CUMPLE | E14: CUMPLE | F14: CUMPLE | G14: =IF(AND(C14="CUMPLE",D14="CUMPLE",E14="CUMPLE",F14="CUMPLE"),"HABILITADO","NO HABILITADO") -> HABILITADO
A15: 10 | B15: =VLOOKUP(A15,'LISTA DE OFERENTES'!$A$4:$B$90,2,FALSE) -> CONSORCIO CONSTRUCTORES DEL OCCIDENTE | C15: CUMPLE | D15: CUMPLE | E15: CUMPLE | F15: CUMPLE | G15: =IF(AND(C15="CUMPLE",D15="CUMPLE",E15="CUMPLE",F15="CUMPLE"),"HABILITADO","NO HABILITADO") -> HABILITADO
A16: 11 | B16: =VLOOKUP(A16,'LISTA DE OFERENTES'!$A$4:$B$90,2,FALSE) -> VISUAR S.A.S | C16: CUMPLE | D16: CUMPLE | E16: CUMPLE | F16: CUMPLE | G16: =IF(AND(C16="CUMPLE",D16="CUMPLE",E16="CUMPLE",F16="CUMPLE"),"HABILITADO","NO HABILITADO") -> HABILITADO
A17: 12 | B17: =VLOOKUP(A17,'LISTA DE OFERENTES'!$A$4:$B$90,2,FALSE) -> CONSORCIO MANTENIMIENTO A&S | C17: CUMPLE | D17: CUMPLE | E17: CUMPLE | F17: CUMPLE | G17: =IF(AND(C17="CUMPLE",D17="CUMPLE",E17="CUMPLE",F17="CUMPLE"),"HABILITADO","NO HABILITADO") -> HABILITADO
A18: 13 | B18: =VLOOKUP(A18,'LISTA DE OFERENTES'!$A$4:$B$90,2,FALSE) -> CONSORCIO RDB | C18: CUMPLE | D18: CUMPLE | E18: CUMPLE | F18: CUMPLE | G18: =IF(AND(C18="CUMPLE",D18="CUMPLE",E18="CUMPLE",F18="CUMPLE"),"HABILITADO","NO HABILITADO") -> HABILITADO
A19: 14 | B19: =VLOOKUP(A19,'LISTA DE OFERENTES'!$A$4:$B$90,2,FALSE) -> RCC INGENIERÍA Y PROYECTOS S.A.S. | C19: CUMPLE | D19: NO CUMPLE | E19: NO CUMPLE | F19: NO CUMPLE | G19: RECHAZADO | H19: EL OFERENTE NO SUBSANO EN EL TERMINO DEL TRASLADO DEL INFORME PRELIMINAR POR LO TANTO DE ACUERDO A LA CAUSAL DE RECHAZO ESTABLECIDA EN EL PLIEGO DE CONDICIONES EN EL NUMERAL 1.15 LITERAL D "Que el proponente no aclare, subsane o aporte documentos necesarios para cumplir un requisito habilitante o aportándolos no lo haga de forma correcta, en los términos establecidos en la sección 1.6."
A20: 15 | B20: =VLOOKUP(A20,'LISTA DE OFERENTES'!$A$4:$B$90,2,FALSE) -> CONSORCIO SALCO 13 | C20: NO CUMPLE | D20: CUMPLE | E20: NO CUMPLE | F20: NO CUMPLE | G20: RECHAZADO | H20: EL OFERENTE NO SUBSANO EN EL TERMINO DEL TRASLADO DEL INFORME PRELIMINAR POR LO TANTO DE ACUERDO A LA CAUSAL DE RECHAZO ESTABLECIDA EN EL PLIEGO DE CONDICIONES EN EL NUMERAL 1.15 LITERAL D "Que el proponente no aclare, subsane o aporte documentos necesarios para cumplir un requisito habilitante o aportándolos no lo haga de forma correcta, en los términos establecidos en la sección 1.6."
A21: 16 | B21: =VLOOKUP(A21,'LISTA DE OFERENTES'!$A$4:$B$90,2,FALSE) -> CONSORCIO WAS | C21: CUMPLE | D21: CUMPLE | E21: CUMPLE | F21: CUMPLE | G21: =IF(AND(C21="CUMPLE",D21="CUMPLE",E21="CUMPLE",F21="CUMPLE"),"HABILITADO","NO HABILITADO") -> HABILITADO
A22: 17 | B22: =VLOOKUP(A22,'LISTA DE OFERENTES'!$A$4:$B$90,2,FALSE) -> CONSORCIO CONSTRUOPUS ENGATIVA | C22: CUMPLE | D22: CUMPLE | E22: CUMPLE | F22: CUMPLE | G22: =IF(AND(C22="CUMPLE",D22="CUMPLE",E22="CUMPLE",F22="CUMPLE"),"HABILITADO","NO HABILITADO") -> HABILITADO
A23: 18 | B23: =VLOOKUP(A23,'LISTA DE OFERENTES'!$A$4:$B$90,2,FALSE) -> CONSORCIO ZF 1 | C23: CUMPLE | D23: CUMPLE | E23: CUMPLE | F23: CUMPLE | G23: =IF(AND(C23="CUMPLE",D23="CUMPLE",E23="CUMPLE",F23="CUMPLE"),"HABILITADO","NO HABILITADO") -> HABILITADO
A24: 19 | B24: =VLOOKUP(A24,'LISTA DE OFERENTES'!$A$4:$B$90,2,FALSE) -> CONSORCIO GMAC | C24: CUMPLE | D24: CUMPLE | E24: CUMPLE | F24: CUMPLE | G24: =IF(AND(C24="CUMPLE",D24="CUMPLE",E24="CUMPLE",F24="CUMPLE"),"HABILITADO","NO HABILITADO") -> HABILITADO
A25: 20 | B25: =VLOOKUP(A25,'LISTA DE OFERENTES'!$A$4:$B$90,2,FALSE) -> CONSORCIO ISAJU | C25: CUMPLE | D25: CUMPLE | E25: CUMPLE | F25: CUMPLE | G25: =IF(AND(C25="CUMPLE",D25="CUMPLE",E25="CUMPLE",F25="CUMPLE"),"HABILITADO","NO HABILITADO") -> HABILITADO
A26: 21 | B26: =VLOOKUP(A26,'LISTA DE OFERENTES'!$A$4:$B$90,2,FALSE) -> CONSORCIO OBRAS CIVILES MEQ | C26: CUMPLE | D26: CUMPLE | E26: CUMPLE | F26: CUMPLE | G26: =IF(AND(C26="CUMPLE",D26="CUMPLE",E26="CUMPLE",F26="CUMPLE"),"HABILITADO","NO HABILITADO") -> HABILITADO
A27: 22 | B27: =VLOOKUP(A27,'LISTA DE OFERENTES'!$A$4:$B$90,2,FALSE) -> CONSORCIO CONSTRUCTOR AND | C27: CUMPLE | D27: CUMPLE | E27: NO CUMPLE | F27: NO CUMPLE | G27: RECHAZADO | H27: EL OFERENTE NO SUBSANO EN DEBIDA FORMA, POR LO TANTO DE ACUERDO A LA CAUSAL DE RECHAZO ESTABLECIDA EN EL PLIEGO DE CONDICIONES EN EL NUMERAL 1.15 LITERAL D "Que el proponente no aclare, subsane o aporte documentos necesarios para cumplir un requisito habilitante o aportándolos no lo haga de forma correcta, en los términos establecidos en la sección 1.6."
A28: 23 | B28: =VLOOKUP(A28,'LISTA DE OFERENTES'!$A$4:$B$90,2,FALSE) -> CONSORCIO ENGATIVÁ 2025 | C28: CUMPLE | D28: CUMPLE | E28: CUMPLE | F28: CUMPLE | G28: =IF(AND(C28="CUMPLE",D28="CUMPLE",E28="CUMPLE",F28="CUMPLE"),"HABILITADO","NO HABILITADO") -> HABILITADO
A29: 24 | B29: =VLOOKUP(A29,'LISTA DE OFERENTES'!$A$4:$B$90,2,FALSE) -> CONSORCIO SANTA LUCIA | C29: CUMPLE | D29: CUMPLE | E29: CUMPLE | F29: CUMPLE | G29: =IF(AND(C29="CUMPLE",D29="CUMPLE",E29="CUMPLE",F29="CUMPLE"),"HABILITADO","NO HABILITADO") -> HABILITADO
A30: 25 | B30: =VLOOKUP(A30,'LISTA DE OFERENTES'!$A$4:$B$90,2,FALSE) -> CONSORCIO BOGOTÁ GG | C30: CUMPLE | D30: CUMPLE | E30: CUMPLE | F30: CUMPLE | G30: =IF(AND(C30="CUMPLE",D30="CUMPLE",E30="CUMPLE",F30="CUMPLE"),"HABILITADO","NO HABILITADO") -> HABILITADO
A31: 26 | B31: =VLOOKUP(A31,'LISTA DE OFERENTES'!$A$4:$B$90,2,FALSE) -> CONSORCIO COMUNAL OLG | C31: CUMPLE | D31: CUMPLE | E31: CUMPLE | F31: CUMPLE | G31: =IF(AND(C31="CUMPLE",D31="CUMPLE",E31="CUMPLE",F31="CUMPLE"),"HABILITADO","NO HABILITADO") -> HABILITADO
A32: 27 | B32: =VLOOKUP(A32,'LISTA DE OFERENTES'!$A$4:$B$90,2,FALSE) -> CONSORCIO INTELPOLO Z10 | C32: CUMPLE | D32: CUMPLE | E32: CUMPLE | F32: CUMPLE | G32: =IF(AND(C32="CUMPLE",D32="CUMPLE",E32="CUMPLE",F32="CUMPLE"),"HABILITADO","NO HABILITADO") -> HABILITADO
A33: 28 | B33: =VLOOKUP(A33,'LISTA DE OFERENTES'!$A$4:$B$90,2,FALSE) -> IG INGENIEROS Y ARQUITECTOS S.A.S. | C33: CUMPLE | D33: CUMPLE | E33: CUMPLE | F33: CUMPLE | G33: =IF(AND(C33="CUMPLE",D33="CUMPLE",E33="CUMPLE",F33="CUMPLE"),"HABILITADO","NO HABILITADO") -> HABILITADO
A34: 29 | B34: =VLOOKUP(A34,'LISTA DE OFERENTES'!$A$4:$B$90,2,FALSE) -> PUERTA DEL SOL | C34: CUMPLE | D34: CUMPLE | E34: CUMPLE | F34: CUMPLE | G34: =IF(AND(C34="CUMPLE",D34="CUMPLE",E34="CUMPLE",F34="CUMPLE"),"HABILITADO","NO HABILITADO") -> HABILITADO
A35: 30 | B35: =VLOOKUP(A35,'LISTA DE OFERENTES'!$A$4:$B$90,2,FALSE) -> CONSORCIO TANGO | C35: CUMPLE | D35: CUMPLE | E35: CUMPLE | F35: CUMPLE | G35: =IF(AND(C35="CUMPLE",D35="CUMPLE",E35="CUMPLE",F35="CUMPLE"),"HABILITADO","NO HABILITADO") -> HABILITADO
A36: 31 | B36: =VLOOKUP(A36,'LISTA DE OFERENTES'!$A$4:$B$90,2,FALSE) -> CONSORCIO COMUNALES 2025 | C36: CUMPLE | D36: CUMPLE | E36: CUMPLE | F36: CUMPLE | G36: =IF(AND(C36="CUMPLE",D36="CUMPLE",E36="CUMPLE",F36="CUMPLE"),"HABILITADO","NO HABILITADO") -> HABILITADO
A37: 32 | B37: =VLOOKUP(A37,'LISTA DE OFERENTES'!$A$4:$B$90,2,FALSE) -> UNION TEMPORAL MANTENIMIENTO | C37: CUMPLE | D37: CUMPLE | E37: CUMPLE | F37: CUMPLE | G37: =IF(AND(C37="CUMPLE",D37="CUMPLE",E37="CUMPLE",F37="CUMPLE"),"HABILITADO","NO HABILITADO") -> HABILITADO
A38: 33 | B38: =VLOOKUP(A38,'LISTA DE OFERENTES'!$A$4:$B$90,2,FALSE) -> CONSORCIO COIDEAR | C38: CUMPLE | D38: CUMPLE | E38: CUMPLE | F38: CUMPLE | G38: =IF(AND(C38="CUMPLE",D38="CUMPLE",E38="CUMPLE",F38="CUMPLE"),"HABILITADO","NO HABILITADO") -> HABILITADO
A39: 34 | B39: =VLOOKUP(A39,'LISTA DE OFERENTES'!$A$4:$B$90,2,FALSE) -> CONSTRUCTORA GED S.A.S | C39: CUMPLE | D39: CUMPLE | E39: CUMPLE | F39: CUMPLE | G39: =IF(AND(C39="CUMPLE",D39="CUMPLE",E39="CUMPLE",F39="CUMPLE"),"HABILITADO","NO HABILITADO") -> HABILITADO
A40: 35 | B40: =VLOOKUP(A40,'LISTA DE OFERENTES'!$A$4:$B$90,2,FALSE) -> CONSORCIO POWER | C40: CUMPLE | D40: CUMPLE | E40: CUMPLE | F40: CUMPLE | G40: =IF(AND(C40="CUMPLE",D40="CUMPLE",E40="CUMPLE",F40="CUMPLE"),"HABILITADO","NO HABILITADO") -> HABILITADO
A41: 36 | B41: =VLOOKUP(A41,'LISTA DE OFERENTES'!$A$4:$B$90,2,FALSE) -> CONSORCIO GR 2024 | C41: CUMPLE | D41: CUMPLE | E41: CUMPLE | F41: NO CUMPLE | G41: RECHAZADO | H41: EL OFERENTE NO SUBSANO EN EL TERMINO DEL TRASLADO DEL INFORME PRELIMINAR POR LO TANTO DE ACUERDO A LA CAUSAL DE RECHAZO ESTABLECIDA EN EL PLIEGO DE CONDICIONES EN EL NUMERAL 1.15 LITERAL D "Que el proponente no aclare, subsane o aporte documentos necesarios para cumplir un requisito habilitante o aportándolos no lo haga de forma correcta, en los términos establecidos en la sección 1.6."
A42: 37 | B42: =VLOOKUP(A42,'LISTA DE OFERENTES'!$A$4:$B$90,2,FALSE) -> CONSORCIO SAN ANTONIO | C42: CUMPLE | D42: CUMPLE | E42: CUMPLE | F42: CUMPLE | G42: =IF(AND(C42="CUMPLE",D42="CUMPLE",E42="CUMPLE",F42="CUMPLE"),"HABILITADO","NO HABILITADO") -> HABILITADO
A43: 38 | B43: =VLOOKUP(A43,'LISTA DE OFERENTES'!$A$4:$B$90,2,FALSE) -> CONSORCIO SAN BENITO | C43: CUMPLE | D43: CUMPLE | E43: CUMPLE | F43: CUMPLE | G43: =IF(AND(C43="CUMPLE",D43="CUMPLE",E43="CUMPLE",F43="CUMPLE"),"HABILITADO","NO HABILITADO") -> HABILITADO
A44: 39 | B44: =VLOOKUP(A44,'LISTA DE OFERENTES'!$A$4:$B$90,2,FALSE) -> CONSORCIO URIEL | C44: CUMPLE | D44: CUMPLE | E44: CUMPLE | F44: CUMPLE | G44: =IF(AND(C44="CUMPLE",D44="CUMPLE",E44="CUMPLE",F44="CUMPLE"),"HABILITADO","NO HABILITADO") -> HABILITADO
A45: 40 | B45: =VLOOKUP(A45,'LISTA DE OFERENTES'!$A$4:$B$90,2,FALSE) -> UNION TEMPORAL PROCIMAB | C45: CUMPLE | D45: CUMPLE | E45: CUMPLE | F45: CUMPLE | G45: =IF(AND(C45="CUMPLE",D45="CUMPLE",E45="CUMPLE",F45="CUMPLE"),"HABILITADO","NO HABILITADO") -> HABILITADO
A46: 41 | B46: =VLOOKUP(A46,'LISTA DE OFERENTES'!$A$4:$B$90,2,FALSE) -> CONSORCIO SALONES-5G. | C46: CUMPLE | D46: CUMPLE | E46: CUMPLE | F46: CUMPLE | G46: =IF(AND(C46="CUMPLE",D46="CUMPLE",E46="CUMPLE",F46="CUMPLE"),"HABILITADO","NO HABILITADO") -> HABILITADO
A47: 42 | B47: =VLOOKUP(A47,'LISTA DE OFERENTES'!$A$4:$B$90,2,FALSE) -> CONSORCIO INFRAESTRUCTURA ENGATIVA | C47: CUMPLE | D47: CUMPLE | E47: CUMPLE | F47: CUMPLE | G47: =IF(AND(C47="CUMPLE",D47="CUMPLE",E47="CUMPLE",F47="CUMPLE"),"HABILITADO","NO HABILITADO") -> HABILITADO
A48: 43 | B48: =VLOOKUP(A48,'LISTA DE OFERENTES'!$A$4:$B$90,2,FALSE) -> PROINCO INGENIERIA S.A.S. | C48: CUMPLE | D48: CUMPLE | E48: CUMPLE | F48: CUMPLE | G48: =IF(AND(C48="CUMPLE",D48="CUMPLE",E48="CUMPLE",F48="CUMPLE"),"HABILITADO","NO HABILITADO") -> HABILITADO
A49: 44 | B49: =VLOOKUP(A49,'LISTA DE OFERENTES'!$A$4:$B$90,2,FALSE) -> CONSORCIO PROMYM-KA | C49: CUMPLE | D49: CUMPLE | E49: CUMPLE | F49: CUMPLE | G49: =IF(AND(C49="CUMPLE",D49="CUMPLE",E49="CUMPLE",F49="CUMPLE"),"HABILITADO","NO HABILITADO") -> HABILITADO
A50: 45 | B50: =VLOOKUP(A50,'LISTA DE OFERENTES'!$A$4:$B$90,2,FALSE) -> CONSORCIO GUATAPURI | C50: CUMPLE | D50: CUMPLE | E50: NO CUMPLE | F50: CUMPLE | G50: RECHAZADO | H50: EL OFERENTE NO SUBSANO EN EL TERMINO DEL TRASLADO DEL INFORME PRELIMINAR POR LO TANTO DE ACUERDO A LA CAUSAL DE RECHAZO ESTABLECIDA EN EL PLIEGO DE CONDICIONES EN EL NUMERAL 1.15 LITERAL D "Que el proponente no aclare, subsane o aporte documentos necesarios para cumplir un requisito habilitante o aportándolos no lo haga de forma correcta, en los términos establecidos en la sección 1.6."
A51: 46 | B51: =VLOOKUP(A51,'LISTA DE OFERENTES'!$A$4:$B$90,2,FALSE) -> CONSORCIO E&E ENGATIVA 2025 | C51: CUMPLE | D51: CUMPLE | E51: CUMPLE | F51: CUMPLE | G51: =IF(AND(C51="CUMPLE",D51="CUMPLE",E51="CUMPLE",F51="CUMPLE"),"HABILITADO","NO HABILITADO") -> HABILITADO
A52: 47 | B52: =VLOOKUP(A52,'LISTA DE OFERENTES'!$A$4:$B$90,2,FALSE) -> CONSORCIO SALÓN COMUNAL DGS810. | C52: CUMPLE | D52: CUMPLE | E52: CUMPLE | F52: CUMPLE | G52: =IF(AND(C52="CUMPLE",D52="CUMPLE",E52="CUMPLE",F52="CUMPLE"),"HABILITADO","NO HABILITADO") -> HABILITADO
A53: 48 | B53: =VLOOKUP(A53,'LISTA DE OFERENTES'!$A$4:$B$90,2,FALSE) -> CONSORCIO BELÉN 25 | C53: CUMPLE | D53: CUMPLE | E53: CUMPLE | F53: CUMPLE | G53: =IF(AND(C53="CUMPLE",D53="CUMPLE",E53="CUMPLE",F53="CUMPLE"),"HABILITADO","NO HABILITADO") -> HABILITADO
A54: 49 | B54: =VLOOKUP(A54,'LISTA DE OFERENTES'!$A$4:$B$90,2,FALSE) -> CONSORCIO URBANO GI | C54: CUMPLE | D54: CUMPLE | E54: CUMPLE | F54: CUMPLE | G54: =IF(AND(C54="CUMPLE",D54="CUMPLE",E54="CUMPLE",F54="CUMPLE"),"HABILITADO","NO HABILITADO") -> HABILITADO
A55: 50 | B55: =VLOOKUP(A55,'LISTA DE OFERENTES'!$A$4:$B$90,2,FALSE) -> CONSORCIO INFRACOSTA 24 | C55: CUMPLE | D55: CUMPLE | E55: CUMPLE | F55: CUMPLE | G55: =IF(AND(C55="CUMPLE",D55="CUMPLE",E55="CUMPLE",F55="CUMPLE"),"HABILITADO","NO HABILITADO") -> HABILITADO
A56: 51 | B56: =VLOOKUP(A56,'LISTA DE OFERENTES'!$A$4:$B$90,2,FALSE) -> UNIOBRAS S.A.S | C56: CUMPLE | D56: CUMPLE | E56: CUMPLE | F56: CUMPLE | G56: =IF(AND(C56="CUMPLE",D56="CUMPLE",E56="CUMPLE",F56="CUMPLE"),"HABILITADO","NO HABILITADO") -> HABILITADO
A57: 52 | B57: =VLOOKUP(A57,'LISTA DE OFERENTES'!$A$4:$B$90,2,FALSE) -> UNION TEMPORAL CONSTRUCCIONES C&G. | C57: CUMPLE | D57: CUMPLE | E57: CUMPLE | F57: CUMPLE | G57: =IF(AND(C57="CUMPLE",D57="CUMPLE",E57="CUMPLE",F57="CUMPLE"),"HABILITADO","NO HABILITADO") -> HABILITADO
A58: 53 | B58: =VLOOKUP(A58,'LISTA DE OFERENTES'!$A$4:$B$90,2,FALSE) -> CONSORCIO ADECUACIONES TREQSA. | C58: CUMPLE | D58: CUMPLE | E58: NO CUMPLE | F58: NO CUMPLE | G58: RECHAZADO | H58: EL OFERENTE NO SUBSANO EN DEBIDA FORMA, POR LO TANTO DE ACUERDO A LA CAUSAL DE RECHAZO ESTABLECIDA EN EL PLIEGO DE CONDICIONES EN EL NUMERAL 1.15 LITERAL D "Que el proponente no aclare, subsane o aporte documentos necesarios para cumplir un requisito habilitante o aportándolos no lo haga de forma correcta, en los términos establecidos en la sección 1.6."
A59: 54 | B59: =VLOOKUP(A59,'LISTA DE OFERENTES'!$A$4:$B$90,2,FALSE) -> GRUPO MSG S.A.S | C59: CUMPLE | D59: CUMPLE | E59: CUMPLE | F59: CUMPLE | G59: =IF(AND(C59="CUMPLE",D59="CUMPLE",E59="CUMPLE",F59="CUMPLE"),"HABILITADO","NO HABILITADO") -> HABILITADO
A60: 55 | B60: =VLOOKUP(A60,'LISTA DE OFERENTES'!$A$4:$B$90,2,FALSE) -> GRUPO EMPRESARIAL INVERSIONES Y CONSTRUCCIONES COMPAÑÍA S.A.S INCO S.A.S | C60: CUMPLE | D60: CUMPLE | E60: CUMPLE | F60: CUMPLE | G60: =IF(AND(C60="CUMPLE",D60="CUMPLE",E60="CUMPLE",F60="CUMPLE"),"HABILITADO","NO HABILITADO") -> HABILITADO
A61: 56 | B61: =VLOOKUP(A61,'LISTA DE OFERENTES'!$A$4:$B$90,2,FALSE) -> CONSORCIO OBRAS 2024 | C61: CUMPLE | D61: CUMPLE | E61: CUMPLE | F61: CUMPLE | G61: =IF(AND(C61="CUMPLE",D61="CUMPLE",E61="CUMPLE",F61="CUMPLE"),"HABILITADO","NO HABILITADO") -> HABILITADO
A62: 57 | B62: =VLOOKUP(A62,'LISTA DE OFERENTES'!$A$4:$B$90,2,FALSE) -> CONSORCIO ADECUACIONES RED DISTRITAL 0108 | C62: CUMPLE | D62: NO CUMPLE | E62: NO CUMPLE | F62: NO CUMPLE | G62: RECHAZADO | H62: EL OFERENTE NO SUBSANO EN EL TERMINO DEL TRASLADO DEL INFORME PRELIMINAR POR LO TANTO DE ACUERDO A LA CAUSAL DE RECHAZO ESTABLECIDA EN EL PLIEGO DE CONDICIONES EN EL NUMERAL 1.15 LITERAL D "Que el proponente no aclare, subsane o aporte documentos necesarios para cumplir un requisito habilitante o aportándolos no lo haga de forma correcta, en los términos establecidos en la sección 1.6."
A63: 58 | B63: =VLOOKUP(A63,'LISTA DE OFERENTES'!$A$4:$B$90,2,FALSE) -> INGENIRIA RH SAS | C63: CUMPLE | D63: CUMPLE | E63: CUMPLE | F63: CUMPLE | G63: =IF(AND(C63="CUMPLE",D63="CUMPLE",E63="CUMPLE",F63="CUMPLE"),"HABILITADO","NO HABILITADO") -> HABILITADO
A64: 59 | B64: CONSORCIO RL ENGATIVA 2025 | C64: CUMPLE | D64: CUMPLE | E64: CUMPLE | F64: CUMPLE | G64: =IF(AND(C64="CUMPLE",D64="CUMPLE",E64="CUMPLE",F64="CUMPLE"),"HABILITADO","NO HABILITADO") -> HABILITADO
A65: 60 | B65: CONSORCIO EDIFICACIONES CAPITAL 2021 | C65: CUMPLE | D65: NO CUMPLE | E65: CUMPLE | F65: CUMPLE | G65: RECHAZADO | H65: EL OFERENTE NO SUBSANO EN EL TERMINO DEL TRASLADO DEL INFORME PRELIMINAR POR LO TANTO DE ACUERDO A LA CAUSAL DE RECHAZO ESTABLECIDA EN EL PLIEGO DE CONDICIONES EN EL NUMERAL 1.15 LITERAL D "Que el proponente no aclare, subsane o aporte documentos necesarios para cumplir un requisito habilitante o aportándolos no lo haga de forma correcta, en los términos establecidos en la sección 1.6."
A66: 61 | B66: WRUSSY INGENIEROS SAS | C66: CUMPLE | D66: CUMPLE | E66: CUMPLE | F66: CUMPLE | G66: =IF(AND(C66="CUMPLE",D66="CUMPLE",E66="CUMPLE",F66="CUMPLE"),"HABILITADO","NO HABILITADO") -> HABILITADO
A67: 62 | B67: CONSORCIO ADECUACIONES HICUM | C67: CUMPLE | D67: NO CUMPLE | E67: CUMPLE | F67: CUMPLE | G67: RECHAZADO | H67: EL OFERENTE NO SUBSANO EN EL TERMINO DEL TRASLADO DEL INFORME PRELIMINAR POR LO TANTO DE ACUERDO A LA CAUSAL DE RECHAZO ESTABLECIDA EN EL PLIEGO DE CONDICIONES EN EL NUMERAL 1.15 LITERAL D "Que el proponente no aclare, subsane o aporte documentos necesarios para cumplir un requisito habilitante o aportándolos no lo haga de forma correcta, en los términos establecidos en la sección 1.6."
A68: 63 | B68: CONSORCIO SALONES ENGATIVA 2025 | C68: CUMPLE | D68: NO CUMPLE | E68: CUMPLE | F68: CUMPLE | G68: RECHAZADO | H68: EL OFERENTE NO SUBSANO EN EL TERMINO DEL TRASLADO DEL INFORME PRELIMINAR POR LO TANTO DE ACUERDO A LA CAUSAL DE RECHAZO ESTABLECIDA EN EL PLIEGO DE CONDICIONES EN EL NUMERAL 1.15 LITERAL D "Que el proponente no aclare, subsane o aporte documentos necesarios para cumplir un requisito habilitante o aportándolos no lo haga de forma correcta, en los términos establecidos en la sección 1.6."

Sheet OBRAS INCONCLUSAS
A1: FONDO DE DESARROLLO LOCAL DE ENGATIVÁ
A2: FDLE-LP-810-2024
A3: REALIZAR A MONTO AGOTABLE Y A PRECIOS UNITARIOS EL MANTENIMIENTO Y/O ADECUACIONES Y/O REPARACIONES LOCATIVAS DE LOS SALONES COMUNALES UBICADOS EN LA LOCALIDAD DE ENGATIVÁ
B5: Nombre de Oferente : | C5: VERIFICACIÓN REGISTRO NACIONAL DE OBRAS INCONCLUSAS
A6: 1 | B6: =VLOOKUP(A6,'LISTA DE OFERENTES'!$A$4:$C$66,2,FALSE) -> CONSORCIO OASIS. | C6: NO REGISTRA OBRAS INCONCLUSAS
A7: 2 | B7: =VLOOKUP(A7,'LISTA DE OFERENTES'!$A$4:$C$66,2,FALSE) -> CONSTRUCTORA DE INFRAESTRUCTURA COLOMBIANA COINCO S.A.S. | C7: NO REGISTRA OBRAS INCONCLUSAS
A8: 3 | B8: =VLOOKUP(A8,'LISTA DE OFERENTES'!$A$4:$C$66,2,FALSE) -> CONSORCIO SALONES CR 2024. | C8: NO REGISTRA OBRAS INCONCLUSAS
A9: 4 | B9: =VLOOKUP(A9,'LISTA DE OFERENTES'!$A$4:$C$66,2,FALSE) -> CONSORCIO SALONES - ARM- 2024 | C9: NO REGISTRA OBRAS INCONCLUSAS
A10: 5 | B10: =VLOOKUP(A10,'LISTA DE OFERENTES'!$A$4:$C$66,2,FALSE) -> C.B.C INGENIERÍA CIVIL Y MANTENIMIENTO SAS | C10: NO REGISTRA OBRAS INCONCLUSAS
A11: 6 | B11: =VLOOKUP(A11,'LISTA DE OFERENTES'!$A$4:$C$66,2,FALSE) -> CONSORCIO SALONES ENGATIVA HGR | C11: NO REGISTRA OBRAS INCONCLUSAS
A12: 7 | B12: =VLOOKUP(A12,'LISTA DE OFERENTES'!$A$4:$C$66,2,FALSE) -> UNION TEMPORAL HCE SALONES COMUNALES | C12: NO REGISTRA OBRAS INCONCLUSAS
A13: 8 | B13: =VLOOKUP(A13,'LISTA DE OFERENTES'!$A$4:$C$66,2,FALSE) -> ARMELCO SAS | C13: NO REGISTRA OBRAS INCONCLUSAS
A14: 9 | B14: =VLOOKUP(A14,'LISTA DE OFERENTES'!$A$4:$C$66,2,FALSE) -> CONSORCIO SANTA MARTA 03 | C14: NO REGISTRA OBRAS INCONCLUSAS
A15: 10 | B15: =VLOOKUP(A15,'LISTA DE OFERENTES'!$A$4:$C$66,2,FALSE) -> CONSORCIO CONSTRUCTORES DEL OCCIDENTE | C15: NO REGISTRA OBRAS INCONCLUSAS
A16: 11 | B16: =VLOOKUP(A16,'LISTA DE OFERENTES'!$A$4:$C$66,2,FALSE) -> VISUAR S.A.S | C16: NO REGISTRA OBRAS INCONCLUSAS
A17: 12 | B17: =VLOOKUP(A17,'LISTA DE OFERENTES'!$A$4:$C$66,2,FALSE) -> CONSORCIO MANTENIMIENTO A&S | C17: NO REGISTRA OBRAS INCONCLUSAS
... A68: 63 | B68: =VLOOKUP(A68,'LISTA DE OFERENTES'!$A$4:$C$66,2,FALSE) -> CONSORCIO SALONES ENGATIVA 2025 | C68: NO REGISTRA OBRAS INCONCLUSAS

Sheet F. PONDERABLES 
A1: FONDO DE DESARROLLO LOCAL DE ENGATIVÁ
A2: LICITACION PUBLICA FDLE-LP-810-2024
A3: FACTORES PONDERABLES
A7: FACTORES PONDERABLES / PUNTAJE FINAL | C7: OFERTA ECONÓMICA (59,5 PUNTOS) | D7: FACTOR DE CALIDAD (19 PUNTOS) | E7: APOYO A LA INDUSTRIAL NACIONAL (20 PUNTOS) | F7: VINCULACIÓN DE PERSONAS CON DISCAPACIDAD (1 PUNTO) | G7: EMPRENDIMIENTOS Y EMPRESAS DE MUJERES (0,25 PUNTOS) | H7: MIPYME (0,25 PUNTOS) | I7: OBRAS INCONCLUSAS (-1 PUNTO) | J7: MULTAS Y SANCIONES (-2 PUNTOS) | K7: PUNTAJE TOTAL | L7: OBSERVACIONES
A8: 1 | B8: =VLOOKUP(A8,'LISTA DE OFERENTES'!$A$4:$B$80,2,FALSE) -> CONSORCIO OASIS. | D8: 19 | E8: 20 | F8: 1 | G8: 0.25 | H8: 0.25 | K8: =+SUM(C8:J8) -> 40.5
A9: 2 | B9: =VLOOKUP(A9,'LISTA DE OFERENTES'!$A$4:$B$80,2,FALSE) -> CONSTRUCTORA DE INFRAESTRUCTURA COLOMBIANA COINCO S.A.S. | D9: 19 | E9: 20 | F9: 1 | G9: 0.25 | H9: 0.25 | K9: =+SUM(C9:J9) -> 40.5
A10: 3 | B10: =VLOOKUP(A10,'LISTA DE OFERENTES'!$A$4:$B$80,2,FALSE) -> CONSORCIO SALONES CR 2024. | D10: 19 | E10: 20 | F10: 1 | G10: 0.25 | H10: 0.25 | K10: =+SUM(C10:J10) -> 40.5
A11: 4 | B11: =VLOOKUP(A11,'LISTA DE OFERENTES'!$A$4:$B$80,2,FALSE) -> CONSORCIO SALONES - ARM- 2024 | D11: 19 | E11: 20 | F11: 1 | G11: 0.25 | H11: 0.25 | K11: =+SUM(C11:J11) -> 40.5
A12: 5 | B12: =VLOOKUP(A12,'LISTA DE OFERENTES'!$A$4:$B$80,2,FALSE) -> C.B.C INGENIERÍA CIVIL Y MANTENIMIENTO SAS | D12: 19 | E12: 20 | F12: 1 | G12: 0.25 | H12: 0.25 | K12: =+SUM(C12:J12) -> 40.5
A13: 6 | B13: =VLOOKUP(A13,'LISTA DE OFERENTES'!$A$4:$B$80,2,FALSE) -> CONSORCIO SALONES ENGATIVA HGR | D13: 19 | E13: 20 | F13: 1 | G13: 0.25 | H13: 0.25 | K13: =+SUM(C13:J13) -> 40.5
A14: 8 | B14: =VLOOKUP(A14,'LISTA DE OFERENTES'!$A$4:$B$80,2,FALSE) -> ARMELCO SAS | D14: 19 | E14: 20 | F14: 1 | G14: 0.25 | H14: 0.25 | K14: =+SUM(C14:J14) -> 40.5
A15: 9 | B15: =VLOOKUP(A15,'LISTA DE OFERENTES'!$A$4:$B$80,2,FALSE) -> CONSORCIO SANTA MARTA 03 | D15: 19 | E15: 20 | F15: 1 | G15: 0.25 | H15: 0.25 | K15: =+SUM(C15:J15) -> 40.5
A16: 10 | B16: =VLOOKUP(A16,'LISTA DE OFERENTES'!$A$4:$B$80,2,FALSE) -> CONSORCIO CONSTRUCTORES DEL OCCIDENTE | D16: 19 | E16: 20 | F16: 1 | G16: 0.25 | H16: 0.25 | K16: =+SUM(C16:J16) -> 40.5
A17: 11 | B17: =VLOOKUP(A17,'LISTA DE OFERENTES'!$A$4:$B$80,2,FALSE) -> VISUAR S.A.S | D17: 19 | E17: 20 | F17: 1 | G17: 0.25 | H17: 0.25 | K17: =+SUM(C17:J17) -> 40.5
A18: 12 | B18: =VLOOKUP(A18,'LISTA DE OFERENTES'!$A$4:$B$80,2,FALSE) -> CONSORCIO MANTENIMIENTO A&S | D18: 19 | E18: 20 | F18: 1 | G18: 0.25 | H18: 0.25 | K18: =+SUM(C18:J18) -> 40.5
A19: 13 | B19: =VLOOKUP(A19,'LISTA DE OFERENTES'!$A$4:$B$80,2,FALSE) -> CONSORCIO RDB | D19: 19 | E19: 0 | F19: 1 | G19: 0.25 | H19: 0.25 | K19: =+SUM(C19:J19) -> 20.5 | L19: NO SE OTORGA EL PUNTAJE POR APOYO A LA INDUSTRIA NACIONAL, DADO QUE EL OFERENTE EN EL FORMATO 9 – PUNTAJE DE INDUSTRIA NACIONAL RELACIONA UN PORCENTAJE DEL 40% PARA VINCULACION DE PERSONAL COLOMBIANO, SIN EMBARGO EL PLIEGO DE CONDICIONES EN SU NUMERAL 4.4.1. ESTABLECE QUE DICHO PORCENTAJE MINIMO TENDRA QUE SER DEL 95%
A20: 16 | B20: =VLOOKUP(A20,'LISTA DE OFERENTES'!$A$4:$B$80,2,FALSE) -> CONSORCIO WAS | D20: 19 | E20: 0 | F20: 1 | G20: 0.25 | H20: 0.25 | K20: =+SUM(C20:J20) -> 20.5 | L20: NO SE OTORGA EL PUNTAJE POR APOYO A LA INDUSTRIA NACIONAL, DADO QUE EL OFERENTE EN EL FORMATO 9 – PUNTAJE DE INDUSTRIA NACIONAL RELACIONA UN PORCENTAJE DEL 40% PARA VINCULACION DE PERSONAL COLOMBIANO, SIN EMBARGO EL PLIEGO DE CONDICIONES EN SU NUMERAL 4.4.1. ESTABLECE QUE DICHO PORCENTAJE MINIMO TENDRA QUE SER DEL 95%
A21: 17 | B21: =VLOOKUP(A21,'LISTA DE OFERENTES'!$A$4:$B$80,2,FALSE) -> CONSORCIO CONSTRUOPUS ENGATIVA | D21: 19 | E21: 20 | F21: 1 | G21: 0.25 | H21: 0.25 | K21: =+SUM(C21:J21) -> 40.5
A22: 18 | B22: =VLOOKUP(A22,'LISTA DE OFERENTES'!$A$4:$B$80,2,FALSE) -> CONSORCIO ZF 1 | D22: 19 | E22: 20 | F22: 1 | G22: 0.25 | H22: 0.25 | K22: =+SUM(C22:J22) -> 40.5
A23: 19 | B23: =VLOOKUP(A23,'LISTA DE OFERENTES'!$A$4:$B$80,2,FALSE) -> CONSORCIO GMAC | D23: 19 | E23: 20 | F23: 1 | G23: 0.25 | H23: 0.25 | K23: =+SUM(C23:J23) -> 40.5
A24: 20 | B24: =VLOOKUP(A24,'LISTA DE OFERENTES'!$A$4:$B$80,2,FALSE) -> CONSORCIO ISAJU | D24: 19 | E24: 20 | F24: 1 | G24: 0.25 | H24: 0.25 | K24: =+SUM(C24:J24) -> 40.5
A25: 21 | B25: =VLOOKUP(A25,'LISTA DE OFERENTES'!$A$4:$B$80,2,FALSE) -> CONSORCIO OBRAS CIVILES MEQ | D25: 19 | E25: 20 | F25: 1 | G25: 0.25 | H25: 0.25 | K25: =+SUM(C25:J25) -> 40.5
A26: 23 | B26: =VLOOKUP(A26,'LISTA DE OFERENTES'!$A$4:$B$80,2,FALSE) -> CONSORCIO ENGATIVÁ 2025 | D26: 19 | E26: 20 | F26: 1 | G26: 0.25 | H26: 0.25 | K26: =+SUM(C26:J26) -> 40.5
A27: 24 | B27: =VLOOKUP(A27,'LISTA DE OFERENTES'!$A$4:$B$80,2,FALSE) -> CONSORCIO SANTA LUCIA | D27: 19 | E27: 20 | F27: 1 | G27: 0.25 | H27: 0.25 | K27: =+SUM(C27:J27) -> 40.5
A28: 25 | B28: =VLOOKUP(A28,'LISTA DE OFERENTES'!$A$4:$B$80,2,FALSE) -> CONSORCIO BOGOTÁ GG | D28: 19 | E28: 20 | F28: 1 | G28: 0.25 | H28: 0.25 | K28: =+SUM(C28:J28) -> 40.5
A29: 26 | B29: =VLOOKUP(A29,'LISTA DE OFERENTES'!$A$4:$B$80,2,FALSE) -> CONSORCIO COMUNAL OLG | D29: 19 | E29: 20 | F29: 1 | G29: 0.25 | H29: 0.25 | K29: =+SUM(C29:J29) -> 40.5
A30: 27 | B30: =VLOOKUP(A30,'LISTA DE OFERENTES'!$A$4:$B$80,2,FALSE) -> CONSORCIO INTELPOLO Z10 | D30: 19 | E30: 20 | F30: 1 | G30: 0.25 | H30: 0.25 | K30: =+SUM(C30:J30) -> 40.5
A31: 28 | B31: =VLOOKUP(A31,'LISTA DE OFERENTES'!$A$4:$B$80,2,FALSE) -> IG INGENIEROS Y ARQUITECTOS S.A.S. | D31: 19 | E31: 20 | F31: 1 | G31: 0.25 | H31: 0.25 | K31: =+SUM(C31:J31) -> 40.5
A32: 29 | B32: =VLOOKUP(A32,'LISTA DE OFERENTES'!$A$4:$B$80,2,FALSE) -> PUERTA DEL SOL | D32: 19 | E32: 20 | F32: 1 | G32: 0.25 | H32: 0.25 | K32: =+SUM(C32:J32) -> 40.5
A33: 30 | B33: =VLOOKUP(A33,'LISTA DE OFERENTES'!$A$4:$B$80,2,FALSE) -> CONSORCIO TANGO | D33: 19 | E33: 20 | F33: 0 | G33: 0.25 | H33: 0.25 | K33: =+SUM(C33:J33) -> 39.5 | L33: NO SE OTORGA EL PUNTAJE POR VINCULACIÓN DE PERSONAS CON DISCAPACIDAD, DADO QUE EL CERTIFICADO DEL MINISTERIO DEL TRABAJO ES DEL 22 DE AGOSTO DE 2023 POR LO CUAL NO SE ENCUENTRA VIGENTE AL CIERRE DEL PROCESO DE SELECCIÓN.
A34: 31 | B34: =VLOOKUP(A34,'LISTA DE OFERENTES'!$A$4:$B$80,2,FALSE) -> CONSORCIO COMUNALES 2025 | D34: 19 | E34: 0 | F34: 1 | G34: 0.25 | H34: 0.25 | K34: =+SUM(C34:J34) -> 20.5 | L34: SE LE ACLARA AL INTERESADO QUE EL DILIGENCIAMIENTO DE LOS FORMATOS CORRESPONDE A RESPONSABILIDAD EXPRESA DE CADA UNO DE LOS OFERENTES, SIENDO ASÍ QUE LOS MISMOS DEBEN ESTAR SUJETOS Y ACORDES A TODO LO SEÑALADO EN EL PLIEGO DE CONDICIONES DEFINITIVO DEL PRESENTE PROCESO DE SELECCIÓN, POR LO CUAL NO SE OTORGA EL PUNTAJE POR APOYO A LA INDUSTRIA NACIONAL, DADO QUE EL OFERENTE EN EL FORMATO 9 – PUNTAJE DE INDUSTRIA NACIONAL RELACIONA UN PORCENTAJE DEL 40% PARA VINCULACION DE PERSONAL COLOMBIANO, SIN EMBARGO EL PLIEGO DE CONDICIONES EN SU NUMERAL 4.4.1. ESTABLECE QUE DICHO PORCENTAJE MINIMO TENDRA QUE SER DEL 95%.
A35: 32 | B35: =VLOOKUP(A35,'LISTA DE OFERENTES'!$A$4:$B$80,2,FALSE) -> UNION TEMPORAL MANTENIMIENTO | D35: 19 | E35: 20 | F35: 1 | G35: 0.25 | H35: 0.25 | K35: =+SUM(C35:J35) -> 40.5
A36: 33 | B36: =VLOOKUP(A36,'LISTA DE OFERENTES'!$A$4:$B$80,2,FALSE) -> CONSORCIO COIDEAR | D36: 19 | E36: 20 | F36: 1 | G36: 0.25 | H36: 0.25 | K36: =+SUM(C36:J36) -> 40.5
A37: 34 | B37: =VLOOKUP(A37,'LISTA DE OFERENTES'!$A$4:$B$80,2,FALSE) -> CONSTRUCTORA GED S.A.S | D37: 19 | E37: 20 | F37: 0 | G37: 0.25 | H37: 0.25 | K37: 39.5
A38: 35 | B38: =VLOOKUP(A38,'LISTA DE OFERENTES'!$A$4:$B$80,2,FALSE) -> CONSORCIO POWER | D38: 19 | E38: 20 | F38: 1 | G38: 0.25 | H38: 0.25 | K38: 40.5
A39: 37 | B39: =VLOOKUP(A39,'LISTA DE OFERENTES'!$A$4:$B$80,2,FALSE) -> CONSORCIO SAN ANTONIO | D39: 19 | E39: 20 | F39: 1 | G39: 0.25 | H39: 0.25 | K39: 40.5
A40: 38 | B40: =VLOOKUP(A40,'LISTA DE OFERENTES'!$A$4:$B$80,2,FALSE) -> CONSORCIO SAN BENITO | D40: 19 | E40: 20 | F40: 0 | G40: 0.25 | H40: 0.25 | K40: 40.5 | L40: NO SE OTORGA EL PUNTAJE POR VINCULACION DE PERSONAS CON DISCAPACIDAD, DADO QUE EL CONSORCIADO LUIS FERNANDO TAMAYO QUE ES QUIEN APORTA DICHO FACTOR PONDERABLE, DENTRO DE LA EVALUACIÓN PRELIMINAR DICHO CONSORCIADO NO CUMPLE CON LO ESTABLECIDO EN EL PLIEGO DE CONDICIONES EN EL NUMERAL 4.5 "Para los Proponentes Plurales, la Entidad tendrá en cuenta la planta de personal del integrante del Proponente Plural que aporte como mínimo el cuarenta por ciento (40 %) de la experiencia requerida para el Proceso de Contratación.", SIENDO ASÍ QUE TAL COMO LO SEÑALA EL PLIEGO DE CONDICIONES EN SU NUMERAL 1.6 "Todos aquellos requisitos de la oferta que afecten la asignación de puntaje, incluyendo los necesarios para acreditar requisitos de desempate, no son subsanables, por lo que los mismos deben ser aportados por los Proponentes desde la presentación de la oferta. No obstante, pueden ser aclarados o ser objeto de explicación." TODO REQUISITO PARA LOS FACTORES PONDERABLES NO ES SUBSANABLE.
A41: 39 | B41: =VLOOKUP(A41,'LISTA DE OFERENTES'!$A$4:$B$80,2,FALSE) -> CONSORCIO URIEL | D41: 19 | E41: 20 | F41: 1 | G41: 0.25 | H41: 0.25 | K41: =+SUM(C41:J41) -> 40.5
A42: 40 | B42: =VLOOKUP(A42,'LISTA DE OFERENTES'!$A$4:$B$80,2,FALSE) -> UNION TEMPORAL PROCIMAB | D42: 19 | E42: 20 | F42: 1 | G42: 0.25 | H42: 0.25 | K42: =+SUM(C42:J42) -> 40.5
A43: 41 | B43: =VLOOKUP(A43,'LISTA DE OFERENTES'!$A$4:$B$80,2,FALSE) -> CONSORCIO SALONES-5G. | D43: 19 | E43: 20 | F43: 1 | G43: 0.25 | H43: 0.25 | K43: =+SUM(C43:J43) -> 40.5
A44: 42 | B44: =VLOOKUP(A44,'LISTA DE OFERENTES'!$A$4:$B$80,2,FALSE) -> CONSORCIO INFRAESTRUCTURA ENGATIVA | D44: 19 | E44: 20 | F44: 1 | G44: 0.25 | H44: 0.25 | K44: =+SUM(C44:J44) -> 40.5
A45: 43 | B45: =VLOOKUP(A45,'LISTA DE OFERENTES'!$A$4:$B$80,2,FALSE) -> PROINCO INGENIERIA S.A.S. | D45: 19 | E45: 20 | F45: 1 | G45: 0.25 | H45: 0.25 | K45: =+SUM(C45:J45) -> 40.5
A46: 44 | B46: =VLOOKUP(A46,'LISTA DE OFERENTES'!$A$4:$B$80,2,FALSE) -> CONSORCIO PROMYM-KA | D46: 19 | E46: 20 | F46: 1 | G46: 0.25 | H46: 0.25 | K46: =+SUM(C46:J46) -> 40.5
A47: 46 | B47: =VLOOKUP(A47,'LISTA DE OFERENTES'!$A$4:$B$80,2,FALSE) -> CONSORCIO E&E ENGATIVA 2025 | D47: 19 | E47: 20 | F47: 1 | G47: 0.25 | H47: 0.25 | K47: =+SUM(C47:J47) -> 40.5
A48: 47 | B48: =VLOOKUP(A48,'LISTA DE OFERENTES'!$A$4:$B$80,2,FALSE) -> CONSORCIO SALÓN COMUNAL DGS810. | D48: 19 | E48: 20 | F48: 1 | G48: 0.25 | H48: 0.25 | K48: =+SUM(C48:J48) -> 40.5
A49: 48 | B49: =VLOOKUP(A49,'LISTA DE OFERENTES'!$A$4:$B$80,2,FALSE) -> CONSORCIO BELÉN 25 | D49: 19 | E49: 20 | F49: 1 | G49: 0.25 | H49: 0.25 | K49: =+SUM(C49:J49) -> 40.5
A50: 49 | B50: =VLOOKUP(A50,'LISTA DE OFERENTES'!$A$4:$B$80,2,FALSE) -> CONSORCIO URBANO GI | D50: 19 | E50: 20 | F50: 1 | G50: 0.25 | H50: 0.25 | K50: =+SUM(C50:J50) -> 40.5
A51: 50 | B51: =VLOOKUP(A51,'LISTA DE OFERENTES'!$A$4:$B$80,2,FALSE) -> CONSORCIO INFRACOSTA 24 | D51: 19 | E51: 20 | F51: 1 | G51: 0.25 | H51: 0.25 | K51: =+SUM(C51:J51) -> 40.5
A52: 51 | B52: =VLOOKUP(A52,'LISTA DE OFERENTES'!$A$4:$B$80,2,FALSE) -> UNIOBRAS S.A.S | D52: 19 | E52: 20 | F52: 1 | G52: 0.25 | H52: 0.25 | K52: =+SUM(C52:J52) -> 40.5
... A54: 54 | B54: =VLOOKUP(A54,'LISTA DE OFERENTES'!$A$4:$B$80,2,FALSE) -> GRUPO MSG S.A.S | D54: 19 | E54: 20 | F54: 1 | G54: 0.25 | H54: 0.25 | K54: =+SUM(C54:J54) -> 40.5
A55: 55 | B55: =VLOOKUP(A55,'LISTA DE OFERENTES'!$A$4:$B$80,2,FALSE) -> GRUPO EMPRESARIAL INVERSIONES Y CONSTRUCCIONES COMPAÑÍA S.A.S INCO S.A.S | D55: 19 | E55: 0 | F55: 1 | G55: 0.25 | H55: 0.25 | K55: =+SUM(C55:J55) -> 20.5 | L55: NO SE OTORGA EL PUNTAJE POR APOYO A LA INDUSTRIA NACIONAL, DADO QUE EL OFERENTE EN EL FORMATO 9 RELACIONA UN PORCENTAJE DEL 40% PARA VINCULACION DE PERSONAL COLOMBIANO, SIN EMBARGO EL PLIEGO DE CONDICIONES EN SU NUMERAL 4.4.1. ESTABLECE QUE DICHO PORCENTAJE MINIMO TENDRA QUE SER DEL 95%
A56: 56 | B56: =VLOOKUP(A56,'LISTA DE OFERENTES'!$A$4:$B$80,2,FALSE) -> CONSORCIO OBRAS 2024 | D56: 19 | E56: 20 | F56: 1 | G56: 0.25 | H56: 0.25 | K56: =+SUM(C56:J56) -> 40.5
A57: 58 | B57: =VLOOKUP(A57,'LISTA DE OFERENTES'!$A$4:$B$80,2,FALSE) -> INGENIRIA RH SAS | D57: 19 | E57: 20 | F57: 1 | G57: 0.25 | H57: 0.25 | K57: =+SUM(C57:J57) -> 40.5
A58: 59 | B58: CONSORCIO RL ENGATIVA 2025 | D58: 19 | E58: 0 | F58: 1 | G58: 0.25 | H58: 0.25 | K58: 40.5 | L58: NO SE OTORGA EL PUNTAJE POR APOYO A LA INDUSTRIA NACIONAL, DADO QUE EL OFERENTE EN EL FORMATO 9 RELACIONA UN PORCENTAJE DEL 40% PARA VINCULACION DE PERSONAL COLOMBIANO, SIN EMBARGO EL PLIEGO DE CONDICIONES EN SU NUMERAL 4.4.1. ESTABLECE QUE DICHO PORCENTAJE MINIMO TENDRA QUE SER DEL 95%
A59: 61 | B59: WRUSSY INGENIEROS SAS | D59: 19 | E59: 20 | F59: 1 | G59: 0.25 | H59: 0.25 | K59: 40.5
B62: NOTA: SOLO SE OTORGA PUNTAJE DE LOS FACTORES PONDERABLES A LOS OFERENTES QUE SE ENCUENTRAN EN CALIDAD DE HABILITADOS EN TODOS LOS FACTORES DE EVALUACIÓN (CAPACIDAD FINANCIERA, JURIDICA, TECNICA Y RESIDUAL)
